 Dungeon Crawl Stone Soup version 0.31-a0-960-g0fca184906 (webtiles) character file.

Game seed: 5684338399327905218

904634 AIAndy the Merry Gnoll (level 27, -7/229 HPs)
             Began as a Gnoll Wanderer on Sept 7, 2023.
             Was the Champion of Vehumet.
             Mangled by an iron golem (25 damage)
             ... led by an iron giant
             ... on level 4 of the Iron City of Dis on Oct 23, 2023.
             The game lasted 11:36:38 (90818 turns).

AIAndy the Merry Gnoll (Gnoll Wanderer)            Turns: 90818, Time: 11:36:39

Health: -7/229     AC: 22    Str: 12    XL:     27
Magic:  2/48       EV: 26    Int: 44    God:    Vehumet [******]
Gold:   6351       SH:  4    Dex: 18    Spells: 10/69 levels left

rFire   + . .        P - +3 Elemental Staff {ele, rElec rF+ rC+ AC+3}
rCold   + + .        h - sphere of Battle
rNeg    . . .        S - +3 leather armour "Fyl Vaev" {rPois Str+4 Int+8 Stlth-}
rPois   +            d - +2 helmet {Int+3}
rElec   +            K - +2 cloak {rCorr}
rCorr   +            k - +2 pair of gloves
SInv    .            t - +2 pair of boots {Fly}
Will    ++...        R - amulet of magic regeneration
Stlth   +++++++      Z - ring of wizardry
HPRegen 0.58/turn    I - +6 ring of intelligence
MPRegen 0.71/turn

%: wizardry (x1)
@: in a vortex, marked, flying, studying 2 skills, corroded
A: fangs 1, strong nose, distributed training, iridescent scales 1, large bone
plates 1, agile 1, clever 1, cold resistance 1, shaggy fur 1
}: 9/15 runes: serpentine, barnacled, slimy, silver, demonic, glowing, magical,
fiery, dark
a: Renounce Religion


You were on level 4 of the Iron City of Dis.
You worshipped Vehumet.
Vehumet was exalted by your worship.
You visited 14 branches of the dungeon, and saw 60 of its levels.
You visited Pandemonium 1 time, and saw 10 of its levels.
You visited the Abyss 3 times.
You also visited: Trove, Ice Cave and Wizlab.

You collected 9612 gold pieces.
You spent 3261 gold pieces at shops.


Innate Abilities, Weirdness & Mutations

You have very sharp teeth.
Your uncanny sense of smell can sniff out nearby items.
Your experience applies equally to all skills.
You are partially covered in iridescent scales. (AC +2)
You are partially covered in large bone plates. (SH +4)
You are agile. (Dex +4, Str/Int -1)
Your mind is acute. (Int +4, Str/Dex -1)
Your flesh is cold resistant. (rC+)
You are covered in fur. (AC +1)


   Skills:
 + Level 21.6 Fighting
 + Level 21.6 Short Blades
 + Level 21.6 Long Blades
 + Level 21.6 Axes
 + Level 21.6 Maces & Flails
 + Level 21.6 Polearms
 + Level 21.6 Staves
 O Level 27 Ranged Weapons
 + Level 21.6 Throwing
 + Level 21.7 Armour
 + Level 22.0 Dodging
 + Level 21.6 Stealth
 + Level 21.6 Shields
 + Level 21.6 Unarmed Combat
 + Level 21.7 Spellcasting
 + Level 19.1 Conjurations
 + Level 18.5 Hexes
 + Level 18.5 Summonings
 + Level 18.5 Necromancy
 + Level 18.5 Translocations
 + Level 18.5 Transmutations
 + Level 18.5 Fire Magic
 + Level 18.5 Ice Magic
 + Level 22.1 Air Magic
 + Level 18.5 Earth Magic
 + Level 18.5 Poison Magic
 + Level 23.3 Invocations
 + Level 22.3 Evocations
 + Level 20.0 Shapeshifting


You had 10 spell levels left.
You knew the following spells:

 Your Spells              Type           Power      Damage    Failure   Level
c - Chain Lightning       Conj/Air       87%        3d116     1%          9
f - Fireball              Conj/Fire      85%        3d31      0%          5
m - Mephitic Cloud        Conj/Pois/Air  100%       N/A       0%          3
n - Ignition              Fire           84%        3d22      1%          8
o - Ozocubu's Armour      Ice            100%       N/A       0%          3
s - Spellforged Servitor  Conj/Summ      72%        N/A       1%          7
w - Stone Arrow           Conj/Erth      100%       3d13      0%          3
I - Blink                 Tloc           100%       N/A       0%          2
X - Flame Wave            Conj/Fire      100%       2d21      0%          4
Y - Bombard               Conj/Erth      85%        9d14      1%          6
Z - Polar Vortex          Ice            84%        12d11*    3%          9

Your spell library contained the following spells:

 Spells                   Type           Power      Damage    Failure   Level
 Fire Storm               Conj/Fire      85%        8d21      2%          9
 Apportation              Tloc           100%       N/A       0%          1
 Foxfire                  Conj/Fire      100%       2x1d9     0%          1
 Freeze                   Ice            100%       1d10      0%          1
 Kiss of Death            Conj/Necr      100%       2d13      0%          1
 Magic Dart               Conj           100%       1d8       0%          1
 Necrotise                Necr           100%       1d9       0%          1
 Sandblast                Erth           100%       2d20      0%          1
 Shock                    Conj/Air       100%       1d9       0%          1
 Slow                     Hex            100%       N/A       0%          1
 Summon Small Mammal      Summ           100%       N/A       0%          1
 Cigotuvi's Dreadful Rot  Necr/Pois/Air  100%       N/A       0%          2
 Ensorcelled Hibernation  Hex/Ice        100%       N/A       0%          2
 Jinxbite                 Hex            100%       N/A       0%          2
 Lesser Beckoning         Tloc           100%       N/A       0%          2
 Momentum Strike          Conj/Tloc      100%       3d10      0%          2
 Passwall                 Tmut/Erth      99%        N/A       0%          2
 Poisonous Vapours        Pois/Air       100%       N/A       0%          2
 Scorch                   Fire           100%       2d9       0%          2
 Searing Ray              Conj           100%       2d8       0%          2
 Sublimation of Blood     Necr           81%        N/A       0%          2
 Wereblood                Tmut           81%        N/A       0%          2
 Confusing Touch          Hex            81%        N/A       0%          3
 Dazzling Flash           Conj/Hex       100%       N/A       0%          3
 Hailstorm                Conj/Ice       100%       3d20      0%          3
 Inner Flame              Hex/Fire       100%       N/A       0%          3
 Sigil of Binding         Hex            81%        N/A       0%          3
 Summon Guardian Golem    Hex/Summ       81%        N/A       0%          3
 Swiftness                Air            100%       N/A       0%          3
 Tukima's Dance           Hex            81%        N/A       0%          3
 Vampiric Draining        Necr           81%        2d11      0%          3
 Volatile Blastmotes      Fire/Tloc      100%       2d18      0%          3
 Anguish                  Hex/Necr       40%        N/A       0%          4
 Animate Armour           Summ/Erth      100%       N/A       0%          4
 Animate Dead             Necr           81%        N/A       0%          4
 Cause Fear               Hex            40%        N/A       0%          4
 Dimensional Bullseye     Hex/Tloc       40%        N/A       0%          4
 Dispel Undead            Necr           81%        3d26      0%          4
 Fulminant Prism          Conj/Hex       72%        3d29      0%          4
 Iskenderun's Mystic Bla  Conj/Tloc      100%       2d19      0%          4
 Leda's Liquefaction      Hex/Erth       59%        N/A       0%          4
 Manifold Assault         Tloc           81%        N/A       0%          4
 Olgreb's Toxic Radiance  Pois           100%       N/A       0%          4
 Passage of Golubria      Tloc           81%        N/A       0%          4
 Petrify                  Tmut/Erth      100%       N/A       0%          4
 Summon Ice Beast         Ice/Summ       100%       N/A       0%          4
 Summon Lightning Spire   Summ/Air       100%       N/A       0%          4
 Vhi's Electric Charge    Tloc/Air       100%       N/A       0%          4
 Agony                    Necr           81%        N/A       0%          5
 Alistair's Intoxication  Tmut/Pois      54%        N/A       0%          5
 Arcjolt                  Conj/Air       87%        1d97      0%          5
 Borgnjor's Vile Clutch   Necr/Erth      59%        N/A       0%          5
 Freezing Cloud           Conj/Ice/Air   100%       6-21      0%          5
 Irradiate                Conj/Tmut      72%        3d35      0%          5
 Lee's Rapid Deconstruct  Erth           84%        3d37*     0%          5
 Silence                  Hex/Air        61%        N/A       0%          5
 Summon Forest            Summ/Tloc      40%        N/A       0%          5
 Summon Mana Viper        Hex/Summ       81%        N/A       0%          5
 Yara's Violent Unravell  Hex/Tmut       71%        3d26      0%          5
 Plasma Beam              Fire/Air       100%       2x1d120   0%          6
 Death Channel            Necr           40%        N/A       1%          6
 Eringya's Noxious Bog    Tmut/Pois      71%        4d6       1%          6
 Simulacrum               Ice/Necr       59%        N/A       1%          6
 Starburst                Conj/Fire      85%        6d21      1%          6
 Summon Cactus Giant      Summ           40%        N/A       1%          6
 Enfeeble                 Hex            40%        N/A       1%          7
 Haunt                    Necr/Summ      40%        N/A       1%          7
 Malign Gateway           Summ/Tloc      40%        N/A       1%          7
 Monstrous Menagerie      Summ           40%        N/A       1%          7
 Orb of Destruction       Conj           72%        9d17      1%          7
 Ozocubu's Refrigeration  Ice            84%        4d26      1%          7
 Summon Hydra             Summ           40%        N/A       1%          7
 Discord                  Hex            40%        N/A       1%          8
 Lehudib's Crystal Spear  Conj/Erth      85%        10d19     1%          8
 Dragon's Call            Summ           40%        N/A       10%         9

Inventory:

Hand Weapons
 q - the +6 Majin-Bo {spellvamp, MP+6 Int+6}
   (You took it off a Hellbinder in a wizard's laboratory)

   Int+6:     It affects your intelligence (+6).
   MP+6:      It affects your magic capacity (+6).
 P - the +3 Elemental Staff (weapon) {ele, rElec rF+ rC+ AC+3}
   (You found it on level 3 of the Elven Halls)

   AC+3:      It affects your AC (+3).
   rF+:       It protects you from fire.
   rC+:       It protects you from cold.
   rElec:     It insulates you from electricity.
Armour
 d - a +2 helmet of intelligence (worn)
 h - the sphere of Battle (worn)
   (You bought it in a shop on level 2 of the Orcish Mines)

   Battle:    It summons a battlesphere in combat, with strength depending on
   Conjurations skill.
   Destructive: It enhances your destructive magic, and weakens non-destructive
   magic.
 k - a +2 pair of gloves (worn)
 t - a +2 pair of boots of flying (worn)
 K - a +2 cloak of preservation (worn)
 N - the scarf of the Black Moon {harm, rC++ Regen+ rCorr Str-5 Dex-3}
   (You acquired it on level 4 of the Vaults)

   Str-5:     It affects your strength (-5).
   Dex-3:     It affects your dexterity (-3).
   rC++:      It greatly protects you from cold.
   Regen+:    It increases your rate of health regeneration.
   rCorr:     It protects you from acid and corrosion.
 S - the +3 leather armour "Fyl Vaev" (worn) {rPois Str+4 Int+8 Stlth-}
   (You found it on level 14 of the Dungeon)

   Str+4:     It affects your strength (+4).
   Int+8:     It affects your intelligence (+8).
   rPois:     It protects you from poison Stlth-: It makes you less stealthy.
Jewellery
 c - the ring "Faraseum" {*Slow Fly rF+ rC+ Str+4}
   (You found it in Pandemonium)

   [ring of protection from fire]

   Str+4:     It affects your strength (+4).
   rF+:       It protects you from fire.
   rC+:       It protects you from cold.
   Fly:       It grants you flight.
   *Slow:     It may slow you when you take damage.
 o - a +4 ring of protection
 v - a ring of see invisible
 C - the ring "Muwko" {rPois rF- rCorr Int+8 Dex-4}
   (You found it in Pandemonium)

   [ring of resist corrosion]

   Int+8:     It affects your intelligence (+8).
   Dex-4:     It affects your dexterity (-4).
   rF-:       It makes you vulnerable to fire.
   rPois:     It protects you from poison rCorr: It protects you from acid and
   corrosion.
 F - a ring of protection from fire
 I - a +6 ring of intelligence (right hand)
 R - an amulet of magic regeneration (around neck)
 Z - a ring of wizardry (left hand)
Wands
 a - a wand of digging (17)
 r - a wand of charming (84)
 x - a wand of iceblast (87)
 A - a wand of flame (126)
 J - a wand of mindburst (50)
 V - a wand of polymorph (45)
 X - a wand of quicksilver (59)
Scrolls
 i - 24 scrolls of teleportation {@r4}
 j - 14 scrolls of fear
 m - 9 scrolls of butterflies
 p - 4 scrolls of blinking
 B - a scroll of amnesia
 Q - 6 scrolls of fog
 Y - 5 scrolls of revelation
Potions
 l - 7 potions of resistance
 n - 27 potions of curing {@q1}
 s - 5 potions of magic
 u - 8 potions of brilliance
 z - 9 potions of enlightenment
 D - 9 potions of cancellation
 G - 10 potions of heal wounds {@q2}
 T - 5 potions of haste {@q3}
 U - 10 potions of might
 W - 7 potions of mutation {!q}
Miscellaneous
 e - a phial of floods
 y - the horn of Geryon
 H - a box of beasts

Dungeon Overview and Level Annotations

Branches:
Dungeon (15/15)            Temple (1/1) D:7            Lair (5/5) D:9
 Shoals (4/4) Lair:2        Snake (4/4) Lair:2        Slime (5/5) Lair:5
    Orc (2/2) D:9             Elf (3/3) Orc:2        Vaults (5/5) D:13
  Crypt (3/3) Vaults:2       Tomb (0/3) Crypt:3      Depths (4/4) D:15
   Hell (visited)             Dis (4/7) Hell            Geh (0/7) Hell
    Coc (0/7) Hell            Tar (0/7) Hell            Zot (4/5) Depths:4
  IceCv (visited)          WizLab (visited)

Altars:
Ashenzari
Cheibriados
Dithmenos
Elyvilon
Fedhas
Gozag
Hepliaklqana
Kikubaaqudgha
Makhleb
Nemelex Xobeh
Okawaru
Qazlal
Ru
Sif Muna
Trog
Uskayaw
Vehumet
Wu Jian
Xom
Yredelemnul
Zin
The Shining One

Shops:
D:5 *   D:9 [   D:11 [*   Orc:2 *[(?[   Elf:1 (*   Elf:2 !   Elf:3 [
Shoals:1 ?   Shoals:2 =   Shoals:3 *   Snake:1 :==   Snake:2 =   Depths:1 ([((
Depths:4 :

Portals:
Hell: Lair:5 Depths:1 Depths:2 Depths:3 Depths:4
Abyss: Depths:1 Depths:2 Depths:3
Pandemonium: Depths:2
Ziggurat: Depths:3

Annotations:
Depths:3 exclusions: angel and daeva
Zot:2 1 runed translucent door, Beshis's ghost, legendary FoHu

▓.........▓....▓
▓.........'....▓
▓.........▓..>.▓
▓..§.§....▓ ...'
▓§§§§§§§..▓ ▓▓
▓C§§§§§§9.▓
▓§§§§§§§..▓
▓9§§§§§§§.▓
▓99@§§§§§.+
▓▓▓▓▓▓▓▓▓▓▓


You could see 3 iron golems, an iron giant (ally target) and a friendly
spellforged servitor (summoned).


Message History

The iron golem hits your battlesphere!! The iron golem hits your battlesphere!
Your battlesphere is destroyed!
The iron giant fires a harpoon shot at you.
The harpoon shot misses you.
You conjure a globe of magical energy.
Your spellforged servitor points at the iron giant and mumbles some strange words.
The iron shot hits the iron giant!!
The iron giant fires a harpoon shot at something.
The iron golem sets off the alarm!
The alarm trap emits a blaring wail!
A sentinel's mark forms upon you.
Casting: Spellforged Servitor (safe; 1% risk of failure)
Confirm with . or Enter, or press ? or * to list all spells.
You feel a strong surge of power!
A great freezing vortex appears around you.
Your battlesphere fires!
The barrage of energy hits the iron giant!
The iron giant is severely wounded.
Your spellforged servitor casts a spell at the iron golem.
The iron shot hits the iron golem!!!
Your spellforged servitor is knocked back by the blast.
You destroy your battlesphere!
The iron golem hits you!!
* * * LOW HITPOINT WARNING * * *
The iron golem hits you!!
* * * LOW HITPOINT WARNING * * *
The iron golem hits you!!
* * * LOW HITPOINT WARNING * * *
The iron golem hits you!!
You die...

Skill      XL: |  1  2  3  4  5  6  7  8  9 10 11 12 13 14 15 16 17 18 19 20 21 22 23 24 25 26 27 |
---------------+----------------------------------------------------------------------------------+-----
Invocations    | 1 2 3 4 5 6 7 8 9 10 11 12 13 14 15 16 17 18 19 23 | 23.3
Fighting       | 1 2 3 4 5 6 8 9 10 11 12 13 14 15 16 17 21 | 21.6
Short Blades   | 1 2 3 4 5 6 8 9 10 11 12 13 14 15 16 17 21 | 21.6
Long Blades    | 1 2 3 4 5 6 8 9 10 11 12 13 14 15 16 17 21 | 21.6
Axes           | 1 2 3 4 5 6 8 9 10 11 12 13 14 15 16 17 21 | 21.6
Maces & Flails | 1 2 3 4 5 6 8 9 10 11 12 13 14 15 16 17 21 | 21.6
Polearms       | 1 2 3 4 5 6 8 9 10 11 12 13 14 15 16 17 21 | 21.6
Staves         | 1 2 3 4 5 6 8 9 10 11 12 13 14 15 16 17 21 | 21.6
Ranged Weapons | 1 2 3 4 5 6 8 9 10 11 12 13 14 15 16 17 19 20 21 27 | 27.0
Throwing       | 1 2 3 4 5 6 8 9 10 11 12 13 14 15 16 17 21 | 21.6
Stealth        | 1 2 3 4 5 6 8 9 10 11 12 13 14 15 16 17 21 | 21.6
Shields        | 1 2 3 4 5 6 8 9 10 11 12 13 14 15 16 17 21 | 21.6
Unarmed Combat | 1 2 3 4 5 6 8 9 10 11 12 13 14 15 16 17 21 | 21.6
Shapeshifting  | 1 2 3 4 5 6 7 8 9 10 11 12 13 14 15 16 20 | 20.0
Spellcasting   | 3 4 5 6 7 8 9 10 11 12 13 14 15 16 17 18 21 | 21.7
Hexes          | 1 2 3 4 5 6 7 8 9 10 11 12 13 14 15 18 | 18.5
Summonings     | 1 2 3 4 5 6 7 8 9 10 11 12 13 14 15 18 | 18.5
Necromancy     | 1 2 3 4 5 6 7 8 9 10 11 12 13 14 15 18 | 18.5
Translocations | 1 2 3 4 5 6 7 8 9 10 11 12 13 14 15 18 | 18.5
Transmutations | 1 2 3 4 5 6 7 8 9 10 11 12 13 14 15 18 | 18.5
Fire Magic     | 1 2 3 4 5 6 7 8 9 10 11 12 13 14 15 18 | 18.5
Ice Magic      | 1 2 3 4 5 6 7 8 9 10 11 12 13 14 15 18 | 18.5
Air Magic      | 1 2 3 4 5 6 7 8 9 10 11 12 13 14 15 16 22 | 22.1
Earth Magic    | 1 2 3 4 5 6 7 8 9 10 11 12 13 14 15 18 | 18.5
Poison Magic   | 1 2 3 4 5 6 7 8 9 10 11 12 13 14 15 18 | 18.5
Armour         | 3 4 5 6 7 8 9 10 11 12 13 14 15 16 17 18 21 | 21.7
Dodging        | 5 6 7 8 9 10 11 12 13 14 15 16 17 18 22 | 22.0
Evocations     | 7 8 9 10 11 12 13 14 15 16 17 18 22 | 22.3
Conjurations   | 6 7 8 9 10 11 12 13 14 15 16 19 | 19.1

Action                     |  1- 3 |  4- 6 |  7- 9 | 10-12 | 13-15 | 16-18 | 19-21 | 22-24 | 25-27 || total
---------------------------+-------+-------+-------+-------+-------+-------+-------+-------+-------++-------
  Melee: Dagger            |     4 |       |       |       |       |       |       |       |       ||     4
         Bite              |     1 |     2 |    14 |    25 |    13 |     5 |     2 |     9 |    43 ||   114
         Mace              |     5 |    39 |    78 |   158 |    65 |    17 |       |       |       ||   362
         Punch             |     1 |       |     2 |     4 |       |       |       |       |       ||     7
         Staff             |       |       |       |       |       |     1 |    30 |    61 |   215 ||   307
  Throw: Dart              |    18 |       |    12 |       |       |       |       |       |       ||    30
   Cast: Shock             |    88 |   102 |   285 |    80 |     6 |       |       |       |       ||   561
         Mephitic Cloud    |       |       |     4 |    14 |     7 |       |       |       |       ||    25
         Stone Arrow       |       |       |    37 |   263 |   432 |   281 |     3 |       |       ||  1016
         Flame Wave        |       |       |       |     4 |    50 |    11 |     3 |    10 |       ||    78
         Ozocubu's Armour  |       |       |       |       |    10 |     5 |     2 |     4 |       ||    21
         Fireball          |       |       |       |       |    39 |   286 |   287 |   146 |   106 ||   864
         Bombard           |       |       |       |       |       |    56 |   322 |   385 |   822 ||  1585
         Spellforged Servi |       |       |       |       |       |       |       |    85 |   103 ||   188
         Ignition          |       |       |       |       |       |       |       |     6 |    76 ||    82
         Chain Lightning   |       |       |       |       |       |       |       |       |   238 ||   238
         Polar Vortex      |       |       |       |       |       |       |       |       |    27 ||    27
         Blink             |       |       |       |       |       |       |       |       |     2 ||     2
  Evoke: Phial of floods   |       |       |     1 |     1 |     2 |       |       |     1 |     1 ||     6
         Wand              |       |       |       |    17 |     5 |       |     6 |     7 |     3 ||    38
         Box of beasts     |       |       |       |     2 |     1 |       |       |       |       ||     3
    Use: Scroll            |       |       |     7 |     9 |    10 |     6 |    10 |     8 |    10 ||    60
         Potion            |       |       |       |     1 |     1 |     2 |       |     8 |    12 ||    24
   Stab: Sleeping          |       |       |     2 |       |       |       |       |       |       ||     2
         Confused          |       |       |       |    13 |       |       |       |       |       ||    13
         Petrified         |       |       |       |       |     2 |       |       |       |       ||     2
         Distracted        |       |       |       |       |       |       |       |     1 |     2 ||     3
 Armour: Robe              |     8 |    55 |   122 |       |       |       |       |       |       ||   185
         Steam dragon scal |       |       |       |    59 |       |       |       |       |       ||    59
         Troll leather arm |       |       |       |   356 |   211 |    54 |       |       |       ||   621
         Leather armour    |       |       |       |       |       |    86 |   107 |   275 |   521 ||   989
  Dodge: Dodged            |    10 |    40 |   122 |   276 |   178 |   133 |    79 |   222 |   312 ||  1372
  Block: Buckler           |       |       |       |    81 |   131 |       |       |       |       ||   212
         Reflection        |       |       |       |     2 |    15 |       |       |       |       ||    17
         Orb               |       |       |       |       |       |       |       |       |     8 ||     8
         Form:             |       |       |       |       |     1 |       |       |       |       ||     1
         Dragon            |       |       |       |       |     1 |       |       |       |       ||     1

Levels and vault maps discovered:
D:1:      minmay_arrival_solitary_statue, layout_rooms, dreamdust_wishing_well,
          nrook_uturn
D:2:      layout_basic, basic_altar
D:3:      layout_basic, grunt_decor_cap, uniq_natasha
D:4:      layout_cave_pools, uniq_blork_the_orc, uniq_menkaure, uniq_sigmund,
          uniq_edmund, uniq_grinder
D:5:      layout_gridville, nicolae_shop_gadgets, uniq_crazy_yiuf_cottage,
          uniq_ijyb
D:6:      layout_basic, nicolae_tso_carved_into_rock, kennysheep_generic_room_12
D:7:      layout_basic, brannock_xom_greatest_gift,
          eat_drink_and_be_merry_uskayaw, minmay_temple_entry_poolview,
          gammafunk_ghost_wrathful_warriors, dreamdust_mushroom_princess
D:8:      layout_loops_ring, overflow_temple_1_default, minmay_ruined_shrine
D:9:      layout_cave_pools, cheibrodos_worm_habitat, lair_entry_dummy,
          orc_david_3, serial_bayou, serial_bayou_pond_d, serial_bayou_shore_a,
          serial_bayou_crossing, serial_bayou_ford_a
D:10:     minmay_smoke_and_mirrors, layout_irregular_city,
          grunt_gozag_breadcrumbs, kennysheep_nondescript,
          nicolae_demonic_statue_gallery, uniq_josephine, uniq_maurice
D:11:     layout_irregular_city, serial_shops, shop, serial_bayou_pond_c,
          nicolae_blasting_shop
D:12:     layout_long_grid, gammafunk_ghost_hydra_chop, uniq_urug
D:13:     layout_roguey, grunt_vaults_entry_tiered
D:14:     layout_irregular_city, reono_crystal_passage, serial_glass,
          glass_columns_a, glass_columns_a, serial_park_tiny_2,
          minmay_pinched_square
D:15:     grunt_enter_depths_magical_seal, layout_loops_ring,
          serial_park_avenue1
Temple:   kb_temple_of_zot
Lair:1:   layout_chaotic_city
Lair:2:   layout_hall_layers, elwin_shoals_entry_rocks,
          minmay_snake_entry_guardpost_small, portal_ice_cave_entry_imps,
          serial_bayou_lagoon_a, infiniplex_staircase_pool_2,
          lemuel_fruit_fields
Lair:3:   layout_cave_pods
Lair:4:   layout_cave_shapes
Lair:5:   evil_forest, layout_cave_pods, minmay_slime_entry_jelly_boxes,
          uniq_rupert
Shoals:1: layout_shoals, serial_shops, shop
Shoals:2: layout_shoals, serial_shops, nicolae_shop_hallway_plus
Shoals:3: layout_shoals, nicolae_stop_n_shop_1, nicolae_shoals_gull_way
Shoals:4: shoals_end_hellmonk_storm_palace [storm_palace_center_circular,
          storm_palace_corner_narrow, storm_palace_corner_narrow,
          storm_palace_corner_grid, storm_palace_corner_altar]
Snake:1:  minmay_snake_river, layout_layer_cave, hangedman_snake_corridor_split,
          minmay_shop_grove
Snake:2:  layout_chambers, basic_altar, special_room, serial_shops, shop,
          grunt_megastairs_4, uniq_frances
Snake:3:  layout_cave_shapes, uniq_aizul
Snake:4:  grunt_snake_rune_pools, layout_onion
Slime:1:  nicolae_slime_pool, layout_caves, cheibrodos_slime_lost_civilization_7
Slime:2:  cheibrodos_slime_lost_civilization_9, layout_caves
Slime:3:  layout_caves
Slime:4:  layout_caves
Slime:5:  slime_pit
Orc:1:    layout_caves, uniq_snorg
Orc:2:    st_orc_ogre_mass, layout_caves, serial_shops, shop, uniq_donald,
          uniq_nessos
Elf:1:    eino_elf_arrival_shootout, layout_gridlike, serial_shops,
          nicolae_shop_tiny_waterfront, minmay_elf_sorcery, grunt_megastairs_3,
          minmay_shop_star, uniq_agnes
Elf:2:    elven_hall_of_blades_hangedman_original
          [nicolae_blade_entry_crossed_weapons], layout_loops_cross,
          serial_shops, nicolae_shop_tiny_statue_garden
Elf:3:    grunt_elf_hall_branching, layout_loops_cross,
          gammafunk_ghost_fury_of_okawaru, serial_shops, shop
Vaults:1: mu_enter_wizlab_1, ontoclasm_vaults_spin, dpeg_vaults_monster_box,
          ontoclasm_vaults_chip, nicolae_vaults_diamond_1,
          vaults_room_door_ring, nicolae_vaults_specimen_jars,
          layout_vaults_omnigrid, uniq_zenata
Vaults:2: nicolae_vaults_theta, hangedman_vaults_restitches,
          nicolae_vaults_angled_halls, ontoclasm_vaults_gateway,
          minmay_crypt_entry_necro_gods, vaults_mumra_hexcomb, v_pattern_1,
          nicolae_vaults_diamond_1, nicolae_vaults_border_crossing,
          layout_vaults_chaotic_city, uniq_boris, uniq_jory
Vaults:3: vaults_room_door_ring, nicolae_vaults_swerve,
          nicolae_vaults_cornered_office, grunt_vaults_focal,
          nicolae_vaults_little_squares_1, hangedman_vaults_cutoff,
          nicolae_vaults_diamond_1, nicolae_vaults_storage_closets_1,
          ontoclasm_vaults_shuriken, vaults_dpeg_hooks, layout_vaults_big_cross,
          uniq_nikola, uniq_norris
Vaults:4: nicolae_vaults_hallways_thing, nicolae_vaults_mini_display_case,
          grunt_vaults_hallway_short, hangedman_vaults_stitches,
          vaults_standard_mumra_x, hangedman_vaults_hat, vaults_dpeg_spiral,
          hangedman_vaults_impose, v_misc_31, grunt_vaults_funnel,
          nicolae_vaults_tetromino_Z_1, nicolae_vaults_statue_guard,
          nicolae_vaults_octothorpe, nicolae_vaults_trapezoid_lopsided_1,
          layout_vaults_ring
Vaults:5: serial_shops, uniq_margery, uniq_frederick, uniq_xtahua
Crypt:1:  layout_gridlike, grunt_crypt_arrival_guarded_gate, grunt_megastairs_1,
          uniq_khufu
Crypt:2:  layout_regular_city, gammafunk_ghost_spectres, basic_altar,
          serial_sigils_hangedman_scratch
Crypt:3:  lightli_unholy_cathedral, layout_chaotic_city,
          nicolae_tomb_entry_grand_gallery, lemuel_dead_fish_pool
Depths:1: layout_gridville, abyss_entry, special_room
          [special_room_mythical_zoo], hell_entry, kennysheep_minor_cross,
          nicolae_qazlal_scattered_showers, roderic_lattice_octagonal_star,
          minmay_shoptagon, firewood_loft
Depths:2: minmay_sliced_demisemicircle, layout_gridlike, abyss_entry,
          hell_entry, rand_demon_pan_entry_4, elyvilon_altar_4,
          minmay_misc_feat_ornament, nicolae_ru_awakened_eye
Depths:3: nicolae_BIG_FREAKIN_CUBE, layout_twisted_cross, enter_ziggurat_c,
          lightli_too_deep, kennysheep_doodads, abyss_entry,
          minmay_fire_ice_demons
Depths:4: grunt_crosshair, layout_gridlike, hellmouth_3, enter_trove_3,
          nzn_hepliaklqana_mist_gate, nicolae_custom_books
Hell
Dis:1:    layout_subdivisions
Dis:2:    layout_subdivisions
Dis:3:    layout_gridville, nicolae_dis_bowling_alley
Dis:4:    layout_overlapping_boxes
Zot:1:    layout_basic
Zot:2:    kennysheep_six_static_rooms, layout_cellular_growth,
          hellmonk_ghost_happy_afterlife, uniq_grunn
Zot:3:    kennysheep_ambush_hall, layout_basic, uniq_josephina
Zot:4:    layout_basic, skrybe_zot_glass_2

Notes
Turn   | Place    | Note
-------+----------+-------------------------------------------
     0 | D:1      | AIAndy the Gnoll Wanderer began the quest for the Orb.
     0 | D:1      | AIAndy set off with the following items: a +0 dagger, a +0
                  | helmet, a scroll of fog, a +0 robe, a phial of floods; and
                  | the following spell memorised: Shock; and the following
                  | spells available to memorise: Mephitic Cloud.
     0 | D:1      | Reached XP level 1. HP: 13/13 MP: 4/4
   294 | D:1      | Reached XP level 2. HP: 19/19 MP: 2/5
  1207 | D:2      | Found a burning altar of Makhleb.
  1675 | D:2      | Reached XP level 3. HP: 25/25 MP: 0/7
  2225 | D:3      | Reached skill level 1 in Invocations
  2401 | D:3      | Noticed Natasha
  2417 | D:3      | Killed Natasha
  2418 | D:3      | Reached skill level 1 in Fighting
  2418 | D:3      | Reached skill level 1 in Short Blades
  2418 | D:3      | Reached skill level 1 in Long Blades
  2418 | D:3      | Reached skill level 1 in Axes
  2418 | D:3      | Reached skill level 1 in Maces & Flails
  2418 | D:3      | Reached skill level 1 in Polearms
  2418 | D:3      | Reached skill level 1 in Staves
  2418 | D:3      | Reached skill level 1 in Ranged Weapons
  2418 | D:3      | Reached skill level 1 in Throwing
  2418 | D:3      | Reached skill level 1 in Stealth
  2418 | D:3      | Reached skill level 1 in Shields
  2418 | D:3      | Reached skill level 1 in Unarmed Combat
  2418 | D:3      | Reached skill level 1 in Shapeshifting
  2418 | D:3      | Reached XP level 4. HP: 22/32 MP: 0/8
  2591 | D:3      | Reached skill level 3 in Spellcasting
  2605 | D:3      | Reached skill level 1 in Hexes
  2605 | D:3      | Reached skill level 1 in Summonings
  2605 | D:3      | Reached skill level 1 in Necromancy
  2605 | D:3      | Reached skill level 1 in Translocations
  2605 | D:3      | Reached skill level 1 in Transmutations
  2605 | D:3      | Reached skill level 1 in Fire Magic
  2605 | D:3      | Reached skill level 1 in Ice Magic
  2605 | D:3      | Reached skill level 1 in Air Magic
  2605 | D:3      | Reached skill level 1 in Earth Magic
  2605 | D:3      | Reached skill level 1 in Poison Magic
  2787 | D:3      | Reached XP level 5. HP: 30/37 MP: 1/9
  3369 | D:3      | Noticed Natasha
  3378 | D:3      | Killed Natasha
  3379 | D:3      | Reached skill level 3 in Armour
  3544 | D:3      | Noticed Natasha
  3550 | D:3      | Killed Natasha
  3821 | D:3      | Reached skill level 2 in Invocations
  3821 | D:3      | Reached XP level 6. HP: 44/44 MP: 9/11
  3955 | D:4      | Reached skill level 2 in Fighting
  3955 | D:4      | Reached skill level 2 in Short Blades
  3955 | D:4      | Reached skill level 2 in Long Blades
  3955 | D:4      | Reached skill level 2 in Axes
  3955 | D:4      | Reached skill level 2 in Maces & Flails
  3955 | D:4      | Reached skill level 2 in Polearms
  3955 | D:4      | Reached skill level 2 in Staves
  3955 | D:4      | Reached skill level 2 in Ranged Weapons
  3955 | D:4      | Reached skill level 2 in Throwing
  3955 | D:4      | Reached skill level 5 in Dodging
  3955 | D:4      | Reached skill level 2 in Stealth
  3955 | D:4      | Reached skill level 2 in Shields
  3955 | D:4      | Reached skill level 2 in Unarmed Combat
  4026 | D:4      | Noticed Menkaure
  4035 | D:4      | Noticed Blork the orc
  4166 | D:4      | Noticed Edmund
  4197 | D:3      | Killed Menkaure
  4198 | D:3      | Reached skill level 7 in Evocations
  4198 | D:3      | Reached skill level 2 in Shapeshifting
  4198 | D:3      | Reached XP level 7. HP: 22/50 MP: 0/12
  4295 | D:4      | Noticed Sigmund
  4382 | D:4      | Killed Sigmund
  4383 | D:4      | Reached skill level 2 in Hexes
  4383 | D:4      | Reached skill level 2 in Summonings
  4383 | D:4      | Reached skill level 2 in Necromancy
  4383 | D:4      | Reached skill level 2 in Translocations
  4383 | D:4      | Reached skill level 2 in Transmutations
  4383 | D:4      | Reached skill level 2 in Fire Magic
  4383 | D:4      | Reached skill level 2 in Ice Magic
  4383 | D:4      | Reached skill level 2 in Air Magic
  4383 | D:4      | Reached skill level 2 in Earth Magic
  4383 | D:4      | Reached skill level 2 in Poison Magic
  4613 | D:4      | Reached skill level 3 in Invocations
  4759 | D:4      | Noticed Grinder
  4772 | D:4      | Reached skill level 4 in Spellcasting
  4846 | D:3      | Paralysed by Grinder for 2 turns
  4848 | D:3      | Killed Grinder
  4849 | D:3      | Reached skill level 3 in Fighting
  4849 | D:3      | Reached skill level 3 in Short Blades
  4849 | D:3      | Reached skill level 3 in Long Blades
  4849 | D:3      | Reached skill level 3 in Axes
  4849 | D:3      | Reached skill level 3 in Maces & Flails
  4849 | D:3      | Reached skill level 3 in Polearms
  4849 | D:3      | Reached skill level 3 in Staves
  4849 | D:3      | Reached skill level 3 in Ranged Weapons
  4849 | D:3      | Reached skill level 3 in Throwing
  4849 | D:3      | Reached skill level 4 in Armour
  4849 | D:3      | Reached skill level 3 in Stealth
  4849 | D:3      | Reached skill level 3 in Shields
  4849 | D:3      | Reached skill level 3 in Unarmed Combat
  4849 | D:3      | Reached skill level 6 in Conjurations
  4849 | D:3      | Reached XP level 8. HP: 46/58 MP: 1/14
  5014 | D:4      | Killed Edmund
  5322 | D:4      | Killed Blork the orc
  5446 | D:4      | Learned a level 3 spell: Stone Arrow
  5450 | D:4      | Learned a level 3 spell: Mephitic Cloud
  5479 | D:5      | Entered Level 5 of the Dungeon
  5491 | D:5      | Reached skill level 3 in Shapeshifting
  5628 | D:5      | Noticed a yak
  5628 | D:5      | Noticed a yak
  5628 | D:5      | Noticed a yak
  5628 | D:5      | Noticed a yak
  5628 | D:5      | Noticed a yak
  5720 | D:5      | Reached skill level 4 in Invocations
  5896 | D:6      | Reached skill level 3 in Hexes
  5896 | D:6      | Reached skill level 3 in Summonings
  5896 | D:6      | Reached skill level 3 in Necromancy
  5896 | D:6      | Reached skill level 3 in Translocations
  5896 | D:6      | Reached skill level 3 in Transmutations
  5896 | D:6      | Reached skill level 3 in Fire Magic
  5896 | D:6      | Reached skill level 3 in Ice Magic
  5896 | D:6      | Reached skill level 3 in Air Magic
  5896 | D:6      | Reached skill level 3 in Earth Magic
  5896 | D:6      | Reached skill level 3 in Poison Magic
  5952 | D:6      | Found a glowing golden altar of the Shining One.
  6060 | D:6      | Reached skill level 6 in Dodging
  6063 | D:6      | Reached XP level 9. HP: 65/65 MP: 7/16
  6243 | D:6      | Reached skill level 4 in Fighting
  6243 | D:6      | Reached skill level 4 in Short Blades
  6243 | D:6      | Reached skill level 4 in Long Blades
  6243 | D:6      | Reached skill level 4 in Axes
  6243 | D:6      | Reached skill level 4 in Maces & Flails
  6243 | D:6      | Reached skill level 4 in Polearms
  6243 | D:6      | Reached skill level 4 in Staves
  6243 | D:6      | Reached skill level 4 in Ranged Weapons
  6243 | D:6      | Reached skill level 4 in Throwing
  6243 | D:6      | Reached skill level 4 in Stealth
  6243 | D:6      | Reached skill level 4 in Shields
  6243 | D:6      | Reached skill level 4 in Unarmed Combat
  6243 | D:6      | Reached skill level 5 in Spellcasting
  7327 | D:6      | Reached skill level 5 in Armour
  7656 | D:7      | Noticed a two-headed ogre
  7776 | D:7      | Noticed Essalna's ghost (novice DsCj)
  7786 | D:7      | Found a transporter.
  7801 | D:7      | Noticed a moth of wrath
  7802 | D:7      | Found a transporter.
  7808 | D:7      | Found a bloodstained altar of Trog.
  8031 | D:7      | Reached skill level 4 in Shapeshifting
  8080 | D:7      | Found a shimmering altar of Xom.
  8094 | D:7      | Reached skill level 8 in Evocations
  8338 | D:7      | Found a staircase to the Ecumenical Temple.
  8462 | Temple   | Entered the Ecumenical Temple
  8466 | Temple   | Became a worshipper of Vehumet
  8667 | D:7      | Reached skill level 5 in Invocations
  8769 | D:7      | Found a hide-covered altar of Uskayaw.
  9256 | D:8      | Found a broken altar of Ashenzari.
  9640 | D:8      | Reached skill level 4 in Hexes
  9640 | D:8      | Reached skill level 4 in Summonings
  9640 | D:8      | Reached skill level 4 in Necromancy
  9640 | D:8      | Reached skill level 4 in Translocations
  9640 | D:8      | Reached skill level 4 in Transmutations
  9640 | D:8      | Reached skill level 4 in Fire Magic
  9640 | D:8      | Reached skill level 4 in Ice Magic
  9640 | D:8      | Reached skill level 4 in Air Magic
  9640 | D:8      | Reached skill level 4 in Earth Magic
  9640 | D:8      | Reached skill level 4 in Poison Magic
  9895 | D:8      | Reached XP level 10. HP: 73/73 MP: 5/18
 10027 | D:8      | Reached skill level 5 in Fighting
 10027 | D:8      | Reached skill level 5 in Short Blades
 10027 | D:8      | Reached skill level 5 in Long Blades
 10027 | D:8      | Reached skill level 5 in Axes
 10027 | D:8      | Reached skill level 5 in Maces & Flails
 10027 | D:8      | Reached skill level 5 in Polearms
 10027 | D:8      | Reached skill level 5 in Staves
 10027 | D:8      | Reached skill level 5 in Ranged Weapons
 10027 | D:8      | Reached skill level 5 in Throwing
 10027 | D:8      | Reached skill level 5 in Stealth
 10027 | D:8      | Reached skill level 5 in Shields
 10027 | D:8      | Reached skill level 5 in Unarmed Combat
 10196 | D:8      | Found a glowing silver altar of Zin.
 10198 | D:8      | Reached skill level 7 in Conjurations
 10545 | D:9      | Reached skill level 7 in Dodging
 10646 | D:9      | Found a snail-covered altar of Cheibriados.
 10715 | D:9      | Noticed a two-headed ogre
 10721 | D:9      | Killed a two-headed ogre
 10722 | D:9      | Reached skill level 6 in Armour
 10722 | D:9      | Reached skill level 6 in Spellcasting
 10961 | D:9      | Reached skill level 6 in Invocations
 10967 | D:9      | Reached skill level 5 in Shapeshifting
 11070 | D:9      | Reached * piety under Vehumet
 11070 | D:9      | Offered knowledge of Foxfire by Vehumet.
 11070 | D:9      | Noticed a kobold demonologist
 11071 | D:9      | Noticed a kobold demonologist
 11072 | D:9      | Noticed a kobold demonologist
 11072 | D:9      | Noticed a kobold demonologist
 11078 | D:9      | Killed a kobold demonologist
 11083 | D:9      | Noticed an orange demon
 11222 | D:9      | Noticed a sixfirhy
 11222 | D:9      | Killed a kobold demonologist
 11323 | D:9      | Killed a kobold demonologist
 11331 | D:9      | Killed a kobold demonologist
 11545 | D:9      | Found a staircase to the Lair.
 11564 | D:9      | Reached XP level 11. HP: 78/81 MP: 4/20
 11570 | D:10     | Entered Level 10 of the Dungeon
 11667 | D:10     | Reached skill level 6 in Fighting
 11667 | D:10     | Reached skill level 6 in Short Blades
 11667 | D:10     | Reached skill level 6 in Long Blades
 11667 | D:10     | Reached skill level 6 in Axes
 11667 | D:10     | Reached skill level 6 in Maces & Flails
 11667 | D:10     | Reached skill level 6 in Polearms
 11667 | D:10     | Reached skill level 6 in Staves
 11667 | D:10     | Reached skill level 6 in Ranged Weapons
 11667 | D:10     | Reached skill level 6 in Throwing
 11667 | D:10     | Reached skill level 6 in Stealth
 11667 | D:10     | Reached skill level 6 in Shields
 11667 | D:10     | Reached skill level 6 in Unarmed Combat
 11667 | D:10     | Reached skill level 9 in Evocations
 11889 | D:9      | Reached skill level 5 in Hexes
 11889 | D:9      | Reached skill level 5 in Summonings
 11889 | D:9      | Reached skill level 5 in Necromancy
 11889 | D:9      | Reached skill level 5 in Translocations
 11889 | D:9      | Reached skill level 5 in Transmutations
 11889 | D:9      | Reached skill level 5 in Fire Magic
 11889 | D:9      | Reached skill level 5 in Ice Magic
 11889 | D:9      | Reached skill level 5 in Air Magic
 11889 | D:9      | Reached skill level 5 in Earth Magic
 11889 | D:9      | Reached skill level 5 in Poison Magic
 11982 | D:9      | Found a staircase to the Orcish Mines.
 11984 | D:9      | Found Dooxtela's Armour Boutique.
 12436 | D:10     | Noticed Maurice
 12484 | D:10     | Killed Maurice
 12514 | D:10     | Noticed Josephine
 12518 | D:10     | Killed Josephine
 12591 | D:9      | Reached skill level 7 in Spellcasting
 12810 | D:10     | Reached skill level 7 in Invocations
 13029 | D:10     | Noticed a two-headed ogre
 13032 | D:10     | Killed a two-headed ogre
 13033 | D:10     | Reached skill level 7 in Armour
 13033 | D:10     | Reached skill level 8 in Dodging
 13057 | D:10     | Found an opulent altar of Gozag.
 13212 | D:10     | Noticed a wizard
 13215 | D:10     | Killed a wizard
 13216 | D:10     | Reached skill level 6 in Shapeshifting
 13258 | D:10     | Noticed a sun demon
 13277 | D:10     | Noticed a wizard
 13281 | D:10     | Killed a wizard
 13520 | D:10     | Reached ** piety under Vehumet
 13644 | D:10     | Noticed a wizard
 13648 | D:10     | Killed a wizard
 13723 | D:10     | Noticed a wizard
 13725 | D:10     | Killed a wizard
 13726 | D:10     | Reached skill level 8 in Conjurations
 13731 | D:10     | Noticed a wizard
 13736 | D:10     | Noticed a wizard
 13736 | D:10     | You are cast into the Abyss!
 13736 | Abyss:2  | Cast into level 2 of the Abyss (a wizard)
 13789 | Abyss:2  | Found a corrupted altar of Lugonu.
 13865 | Abyss:2  | Offered knowledge of Poisonous Vapours by Vehumet.
 13886 | D:10     | You pass through the gate.
 13886 | D:10     | Escaped the Abyss
 13889 | D:10     | Killed a wizard
 13895 | D:10     | Killed a wizard
 13896 | D:10     | Reached XP level 12. HP: 89/89 MP: 8/23
 14022 | D:10     | Killed a sun demon
 14023 | D:10     | Reached skill level 7 in Fighting
 14023 | D:10     | Reached skill level 7 in Short Blades
 14023 | D:10     | Reached skill level 7 in Long Blades
 14023 | D:10     | Reached skill level 7 in Axes
 14023 | D:10     | Reached skill level 7 in Maces & Flails
 14023 | D:10     | Reached skill level 7 in Polearms
 14023 | D:10     | Reached skill level 7 in Staves
 14023 | D:10     | Reached skill level 7 in Ranged Weapons
 14023 | D:10     | Reached skill level 7 in Throwing
 14023 | D:10     | Reached skill level 7 in Stealth
 14023 | D:10     | Reached skill level 7 in Shields
 14023 | D:10     | Reached skill level 7 in Unarmed Combat
 14295 | D:10     | Found the +3 warlock's mirror {omnireflect}
 14529 | D:5      | Found a runed translucent door.
 14530 | D:5      | Noticed Crazy Yiuf
 14545 | D:5      | Found Iqonou's Gadget Gallery.
 14672 | D:5      | Noticed Ijyb
 14674 | D:5      | Killed Ijyb
 15056 | D:5      | Reached skill level 6 in Hexes
 15056 | D:5      | Reached skill level 6 in Summonings
 15056 | D:5      | Reached skill level 6 in Necromancy
 15056 | D:5      | Reached skill level 6 in Translocations
 15056 | D:5      | Reached skill level 6 in Transmutations
 15056 | D:5      | Reached skill level 6 in Fire Magic
 15056 | D:5      | Reached skill level 6 in Ice Magic
 15056 | D:5      | Reached skill level 6 in Air Magic
 15056 | D:5      | Reached skill level 6 in Earth Magic
 15056 | D:5      | Reached skill level 6 in Poison Magic
 15282 | D:5      | Killed Crazy Yiuf
 15432 | Lair:1   | Entered Level 1 of the Lair of Beasts
 15526 | Lair:1   | Reached skill level 8 in Invocations
 15572 | Lair:1   | Reached skill level 8 in Spellcasting
 15644 | Lair:1   | Offered knowledge of Ignite Poison by Vehumet.
 15645 | Lair:1   | Reached skill level 10 in Evocations
 15833 | Lair:1   | Reached skill level 8 in Armour
 15947 | Lair:1   | Reached *** piety under Vehumet
 16033 | Lair:1   | Reached skill level 9 in Dodging
 16237 | Lair:1   | Reached skill level 7 in Shapeshifting
 16491 | Lair:2   | Noticed a death yak
 16498 | Lair:2   | Found a frozen archway.
 16514 | Lair:2   | Offered knowledge of Flame Wave by Vehumet.
 16558 | IceCv    | Entered an ice cave
 16628 | IceCv    | Learned a level 4 spell: Flame Wave
 16634 | IceCv    | Noticed a death yak
 16647 | IceCv    | Killed a death yak
 16648 | IceCv    | Reached skill level 8 in Fighting
 16648 | IceCv    | Reached skill level 8 in Short Blades
 16648 | IceCv    | Reached skill level 8 in Long Blades
 16648 | IceCv    | Reached skill level 8 in Axes
 16648 | IceCv    | Reached skill level 8 in Maces & Flails
 16648 | IceCv    | Reached skill level 8 in Polearms
 16648 | IceCv    | Reached skill level 8 in Staves
 16648 | IceCv    | Reached skill level 8 in Ranged Weapons
 16648 | IceCv    | Reached skill level 8 in Throwing
 16648 | IceCv    | Reached skill level 8 in Stealth
 16648 | IceCv    | Reached skill level 8 in Shields
 16648 | IceCv    | Reached skill level 8 in Unarmed Combat
 16648 | IceCv    | Reached XP level 13. HP: 98/98 MP: 12/25
 16976 | IceCv    | Reached skill level 9 in Invocations
 17016 | IceCv    | Reached **** piety under Vehumet
 17084 | IceCv    | Reached skill level 9 in Conjurations
 17084 | IceCv    | Reached skill level 7 in Hexes
 17084 | IceCv    | Reached skill level 7 in Summonings
 17084 | IceCv    | Reached skill level 7 in Necromancy
 17084 | IceCv    | Reached skill level 7 in Translocations
 17084 | IceCv    | Reached skill level 7 in Transmutations
 17084 | IceCv    | Reached skill level 7 in Fire Magic
 17084 | IceCv    | Reached skill level 7 in Ice Magic
 17084 | IceCv    | Reached skill level 7 in Air Magic
 17084 | IceCv    | Reached skill level 7 in Earth Magic
 17084 | IceCv    | Reached skill level 7 in Poison Magic
 17170 | IceCv    | Noticed a frost giant
 17180 | IceCv    | Offered knowledge of Olgreb's Toxic Radiance by Vehumet.
 17187 | IceCv    | Killed a frost giant
 17188 | IceCv    | Reached skill level 9 in Spellcasting
 17247 | IceCv    | Got the Commentary on Frost
 17395 | Lair:2   | Reached skill level 9 in Armour
 17549 | Lair:2   | You fall into a shaft and drop 1 floor!
 18493 | Lair:2   | Reached skill level 8 in Shapeshifting
 18530 | Lair:2   | Found a staircase to the Snake Pit.
 18588 | Lair:2   | Reached skill level 10 in Dodging
 18588 | Lair:2   | Reached skill level 11 in Evocations
 18751 | Lair:2   | Reached ***** piety under Vehumet
 18752 | Lair:2   | Reached skill level 9 in Fighting
 18752 | Lair:2   | Reached skill level 9 in Short Blades
 18752 | Lair:2   | Reached skill level 9 in Long Blades
 18752 | Lair:2   | Reached skill level 9 in Axes
 18752 | Lair:2   | Reached skill level 9 in Maces & Flails
 18752 | Lair:2   | Reached skill level 9 in Polearms
 18752 | Lair:2   | Reached skill level 9 in Staves
 18752 | Lair:2   | Reached skill level 9 in Ranged Weapons
 18752 | Lair:2   | Reached skill level 9 in Throwing
 18752 | Lair:2   | Reached skill level 9 in Stealth
 18752 | Lair:2   | Reached skill level 9 in Shields
 18752 | Lair:2   | Reached skill level 9 in Unarmed Combat
 18752 | Lair:2   | Reached XP level 14. HP: 90/108 MP: 9/27
 18821 | Lair:2   | Found a staircase to the Shoals.
 18971 | Lair:2   | Offered knowledge of Sticky Flame by Vehumet.
 19140 | Lair:4   | Reached skill level 10 in Invocations
 19682 | Lair:5   | Entered Level 5 of the Lair of Beasts
 20006 | Lair:5   | Noticed a dire elephant
 20039 | Lair:5   | Killed a dire elephant
 20040 | Lair:5   | Reached skill level 10 in Spellcasting
 20040 | Lair:5   | Reached skill level 8 in Hexes
 20040 | Lair:5   | Reached skill level 8 in Summonings
 20040 | Lair:5   | Reached skill level 8 in Necromancy
 20040 | Lair:5   | Reached skill level 8 in Translocations
 20040 | Lair:5   | Reached skill level 8 in Transmutations
 20040 | Lair:5   | Reached skill level 8 in Fire Magic
 20040 | Lair:5   | Reached skill level 8 in Ice Magic
 20040 | Lair:5   | Reached skill level 8 in Air Magic
 20040 | Lair:5   | Reached skill level 8 in Earth Magic
 20040 | Lair:5   | Reached skill level 8 in Poison Magic
 20096 | Lair:5   | Found a staircase to the Slime Pits.
 20242 | Lair:5   | Reached skill level 10 in Armour
 20250 | Lair:5   | Learned a level 3 spell: Ozocubu's Armour
 20569 | Lair:5   | Found a burning altar of Makhleb.
 20737 | Lair:5   | Noticed a dire elephant
 20751 | Lair:5   | Offered knowledge of Fireball by Vehumet.
 20753 | Lair:5   | Reached skill level 9 in Shapeshifting
 20757 | Lair:5   | Killed a dire elephant
 20904 | Lair:5   | Noticed Rupert
 21203 | Lair:5   | Reached skill level 10 in Conjurations
 21213 | Lair:5   | Reached XP level 15. HP: 115/115 MP: 8/29
 21266 | Lair:5   | Found a gateway to Hell.
 21451 | Orc:1    | Entered Level 1 of the Orcish Mines
 21671 | Orc:2    | Entered Level 2 of the Orcish Mines
 21675 | Orc:2    | Noticed Donald
 21683 | Orc:2    | Noticed an orc warlord
 21686 | Orc:2    | Killed Donald
 21687 | Orc:2    | Reached skill level 10 in Fighting
 21687 | Orc:2    | Reached skill level 10 in Short Blades
 21687 | Orc:2    | Reached skill level 10 in Long Blades
 21687 | Orc:2    | Reached skill level 10 in Axes
 21687 | Orc:2    | Reached skill level 10 in Maces & Flails
 21687 | Orc:2    | Reached skill level 10 in Polearms
 21687 | Orc:2    | Reached skill level 10 in Staves
 21687 | Orc:2    | Reached skill level 10 in Ranged Weapons
 21687 | Orc:2    | Reached skill level 10 in Throwing
 21687 | Orc:2    | Reached skill level 11 in Dodging
 21687 | Orc:2    | Reached skill level 10 in Stealth
 21687 | Orc:2    | Reached skill level 10 in Shields
 21687 | Orc:2    | Reached skill level 10 in Unarmed Combat
 21703 | Orc:2    | Killed an orc warlord
 21774 | Orc:2    | Learned a level 5 spell: Fireball
 21784 | Orc:2    | Found a staircase to the Elven Halls.
 21865 | Orc:2    | Noticed Nessos
 21871 | Orc:2    | Killed Nessos
 21872 | Orc:2    | Reached skill level 11 in Invocations
 21968 | Orc:2    | Found Fannisen's Assorted Antiques.
 21982 | Orc:2    | Bought a scroll labelled CEOBLE GADUWK for 31 gold pieces
 22144 | Orc:2    | Reached skill level 12 in Evocations
 22291 | Orc:2    | Offered knowledge of Iskenderun's Battlesphere by Vehumet.
 22444 | Orc:2    | Found Koserhi's Magic Scroll Shoppe.
 22444 | Orc:2    | Found Tonyshym's Antique Armour Boutique.
 22451 | Orc:2    | Found Saboes's Antique Armour Shop.
 22451 | Orc:2    | Found Oradyahibb's Weapon Shoppe.
 22505 | Orc:2    | Bought the sphere of Battle for 2000 gold pieces
 22505 | Orc:2    | Found the sphere of Battle
 23002 | Orc:1    | Noticed Snorg
 23006 | Orc:1    | Killed Snorg
 23146 | Orc:1    | Upgraded the game from 0.31-a0-692-gf03d1854d5 to
                  | 0.31-a0-702-gf82c85558f
 23383 | D:7      | Killed Essalna's ghost
 23626 | D:11     | Identified a potion of resistance
 23637 | D:11     | Found Ram Yntem's Demolitions Depot.
 23913 | D:11     | Reached skill level 11 in Spellcasting
 24061 | D:11     | Found Fempinew's Antique Armour Emporium.
 24338 | D:12     | Found a runed translucent gate.
 24338 | D:12     | Found a runed translucent gate.
 24338 | D:12     | Found a runed translucent gate.
 24356 | D:12     | Reached skill level 11 in Armour
 24379 | D:12     | Reached skill level 9 in Hexes
 24379 | D:12     | Reached skill level 9 in Summonings
 24379 | D:12     | Reached skill level 9 in Necromancy
 24379 | D:12     | Reached skill level 9 in Translocations
 24379 | D:12     | Reached skill level 9 in Transmutations
 24379 | D:12     | Reached skill level 9 in Fire Magic
 24379 | D:12     | Reached skill level 9 in Ice Magic
 24379 | D:12     | Reached skill level 9 in Air Magic
 24379 | D:12     | Reached skill level 9 in Earth Magic
 24379 | D:12     | Reached skill level 9 in Poison Magic
 24520 | D:12     | Noticed Urug
 24523 | D:12     | Killed Urug
 24535 | D:12     | Reached XP level 16. HP: 124/124 MP: 9/31
 24597 | D:12     | Noticed esser2137's ghost (journeyman DrAE)
 24666 | D:12     | Offered knowledge of Conjure Ball Lightning by Vehumet.
 25350 | D:13     | Reached ****** piety under Vehumet
 25383 | D:13     | Reached skill level 10 in Shapeshifting
 25395 | D:13     | You are cast into the Abyss!
 25395 | Abyss:3  | Found a corrupted altar of Lugonu.
 25395 | Abyss:3  | Cast into level 3 of the Abyss (a wizard)
 25520 | Abyss:3  | Noticed a tentacled starspawn
 25527 | Abyss:3  | Killed a tentacled starspawn
 25528 | Abyss:3  | Reached skill level 11 in Fighting
 25528 | Abyss:3  | Reached skill level 11 in Short Blades
 25528 | Abyss:3  | Reached skill level 11 in Long Blades
 25528 | Abyss:3  | Reached skill level 11 in Axes
 25528 | Abyss:3  | Reached skill level 11 in Maces & Flails
 25528 | Abyss:3  | Reached skill level 11 in Polearms
 25528 | Abyss:3  | Reached skill level 11 in Staves
 25528 | Abyss:3  | Reached skill level 11 in Ranged Weapons
 25528 | Abyss:3  | Reached skill level 11 in Throwing
 25528 | Abyss:3  | Reached skill level 11 in Stealth
 25528 | Abyss:3  | Reached skill level 11 in Shields
 25528 | Abyss:3  | Reached skill level 11 in Unarmed Combat
 25538 | Abyss:3  | Reached skill level 12 in Invocations
 25553 | D:13     | You pass through the gate.
 25553 | D:13     | Escaped the Abyss
 25888 | D:13     | Found a gate to the Vaults.
 26039 | D:13     | Reached skill level 12 in Dodging
 26282 | D:14     | Offered knowledge of Irradiate by Vehumet.
 26367 | D:14     | Identified the +3 leather armour "Fyl Vaev" {rPois Str+4
                  | Int+8 Stlth-}
 26540 | D:14     | Reached skill level 11 in Conjurations
 26554 | D:14     | Reached skill level 13 in Evocations
 27138 | D:15     | Entered Level 15 of the Dungeon
 27410 | D:15     | Found a staircase to the Depths.
 27414 | D:15     | Offered knowledge of Arcjolt by Vehumet.
 27583 | D:15     | Reached XP level 17. HP: 124/125 MP: 17/32
 27650 | D:15     | Identified a scarf of resistance
 28280 | Snake:1  | Entered Level 1 of the Snake Pit
 28478 | Snake:1  | Reached skill level 12 in Spellcasting
 28565 | Snake:1  | Reached skill level 12 in Armour
 28776 | Snake:1  | Reached skill level 10 in Hexes
 28776 | Snake:1  | Reached skill level 10 in Summonings
 28776 | Snake:1  | Reached skill level 10 in Necromancy
 28776 | Snake:1  | Reached skill level 10 in Translocations
 28776 | Snake:1  | Reached skill level 10 in Transmutations
 28776 | Snake:1  | Reached skill level 10 in Fire Magic
 28776 | Snake:1  | Reached skill level 10 in Ice Magic
 28776 | Snake:1  | Reached skill level 10 in Air Magic
 28776 | Snake:1  | Reached skill level 10 in Earth Magic
 28776 | Snake:1  | Reached skill level 10 in Poison Magic
 29380 | Snake:1  | Found Fiacre's Jewellery Emporium.
 29382 | Snake:1  | Found Hajopaos's Book Shop.
 29383 | Snake:1  | Found Yrreb Qall's Jewellery Emporium.
 29397 | Snake:1  | Bought a ring of wizardry for 390 gold pieces
 29843 | Snake:1  | Identified the +8 war axe of Neecaomu {drain, rPois Will+}
 29904 | Snake:1  | Found the +7 captain's cutlass {speed, disarm}
 30072 | Snake:2  | Reached skill level 11 in Shapeshifting
 30121 | Snake:2  | Offered knowledge of Bombard by Vehumet.
 30124 | Snake:2  | Reached skill level 13 in Invocations
 30130 | Snake:2  | Reached skill level 12 in Fighting
 30130 | Snake:2  | Reached skill level 12 in Short Blades
 30130 | Snake:2  | Reached skill level 12 in Long Blades
 30130 | Snake:2  | Reached skill level 12 in Axes
 30130 | Snake:2  | Reached skill level 12 in Maces & Flails
 30130 | Snake:2  | Reached skill level 12 in Polearms
 30130 | Snake:2  | Reached skill level 12 in Staves
 30130 | Snake:2  | Reached skill level 12 in Ranged Weapons
 30130 | Snake:2  | Reached skill level 12 in Throwing
 30130 | Snake:2  | Reached skill level 12 in Stealth
 30130 | Snake:2  | Reached skill level 12 in Shields
 30130 | Snake:2  | Reached skill level 12 in Unarmed Combat
 30478 | Snake:2  | Found a radiant altar of Vehumet.
 30502 | Snake:2  | Found Qurobb's Jewellery Shoppe.
 31075 | Snake:2  | Noticed Frances
 31082 | Snake:2  | Killed Frances
 31445 | Snake:3  | Learned a level 2 spell: Blink
 31533 | Snake:3  | Reached skill level 13 in Dodging
 31541 | Snake:3  | Noticed Aizul
 31550 | Snake:3  | Killed Aizul
 31834 | Snake:4  | Entered Level 4 of the Snake Pit
 32081 | Snake:4  | Reached XP level 18. HP: 140/140 MP: 14/34
 32427 | Snake:3  | Learned a level 6 spell: Bombard
 32641 | Snake:4  | Reached skill level 14 in Evocations
 32732 | Snake:4  | Offered knowledge of Lehudib's Crystal Spear by Vehumet.
 32732 | Snake:4  | Offered knowledge of Fire Storm by Vehumet.
 32732 | Snake:4  | Offered knowledge of Chain Lightning by Vehumet.
 33097 | Snake:4  | Reached skill level 12 in Conjurations
 33234 | Snake:4  | Reached skill level 13 in Spellcasting
 33323 | Snake:4  | Reached skill level 13 in Armour
 33452 | Snake:4  | Got a serpentine rune of Zot
 33658 | Shoals:1 | Entered Level 1 of the Shoals
 34000 | Shoals:1 | Found Deowkydd's Magic Scroll Shop.
 34017 | Shoals:1 | Bought a scroll of acquirement for 780 gold pieces
 34017 | Shoals:1 | Acquired the Precepts of Exhalation and Bombardment
 34430 | Shoals:2 | Found Ivoskeji's Jewellery Shop.
 34466 | Shoals:2 | Reached skill level 14 in Invocations
 34715 | Shoals:2 | Reached skill level 13 in Ranged Weapons
 34783 | Shoals:2 | Reached skill level 11 in Hexes
 34783 | Shoals:2 | Reached skill level 11 in Summonings
 34783 | Shoals:2 | Reached skill level 11 in Necromancy
 34783 | Shoals:2 | Reached skill level 11 in Translocations
 34783 | Shoals:2 | Reached skill level 11 in Transmutations
 34783 | Shoals:2 | Reached skill level 11 in Fire Magic
 34783 | Shoals:2 | Reached skill level 11 in Ice Magic
 34783 | Shoals:2 | Reached skill level 11 in Air Magic
 34783 | Shoals:2 | Reached skill level 11 in Earth Magic
 34783 | Shoals:2 | Reached skill level 11 in Poison Magic
 35027 | Shoals:3 | Found the +7 mace of Variability {chaos, chaos arc}
 35302 | Shoals:3 | Reached skill level 13 in Fighting
 35302 | Shoals:3 | Reached skill level 13 in Short Blades
 35302 | Shoals:3 | Reached skill level 13 in Long Blades
 35302 | Shoals:3 | Reached skill level 13 in Axes
 35302 | Shoals:3 | Reached skill level 13 in Maces & Flails
 35302 | Shoals:3 | Reached skill level 13 in Polearms
 35302 | Shoals:3 | Reached skill level 13 in Staves
 35302 | Shoals:3 | Reached skill level 13 in Throwing
 35302 | Shoals:3 | Reached skill level 13 in Stealth
 35302 | Shoals:3 | Reached skill level 13 in Shields
 35302 | Shoals:3 | Reached skill level 13 in Unarmed Combat
 35388 | Shoals:3 | Found Fuelecuhe's General Store.
 35396 | Shoals:3 | Bought a potion of heal wounds for 60 gold pieces
 35399 | Shoals:3 | Reached XP level 19. HP: 149/149 MP: 28/36
 35401 | Shoals:3 | Reached skill level 12 in Shapeshifting
 35681 | Shoals:4 | Entered Level 4 of the Shoals
 35681 | Shoals:4 | Found a shadowy altar of Dithmenos.
 35968 | Shoals:4 | Identified the +4 shortbow "Zumauthi" {flame, rN+ Will+
                  | MP+9 Int+2}
 36378 | Shoals:4 | Reached skill level 14 in Dodging
 36492 | Shoals:4 | Identified the +0 robe of Spaghetti {Harm rCorr}
 36521 | Shoals:4 | Identified the +2 fire dragon scales of Contentment {rElec
                  | rF++ rC- Str-3 Dex+4}
 36532 | Shoals:4 | Got a barnacled rune of Zot
 36965 | Shoals:4 | Upgraded the game from 0.31-a0-702-gf82c85558f to
                  | 0.31-a0-716-gc7603755dd
 37096 | Elf:1    | Entered Level 1 of the Elven Halls
 37270 | Elf:1    | Found Acaroonoa's Antique Weapon Shoppe.
 37317 | Elf:1    | Reached skill level 14 in Ranged Weapons
 37557 | Elf:1    | Got the Volume of Conflict and Attendants
 37654 | Elf:1    | Found Qoof Xei's General Store.
 38024 | Elf:1    | Identified the +4 chain mail of Weirdness {+Blink rPois
                  | Str+2}
 38224 | Elf:1    | Noticed Agnes
 38226 | Elf:1    | Killed Agnes
 38532 | Elf:2    | Reached skill level 15 in Evocations
 38663 | Elf:2    | Found Sini's Distillery.
 38731 | Elf:2    | Reached XP level 20. HP: 141/158 MP: 16/37
 38785 | Elf:2    | Reached skill level 14 in Spellcasting
 39020 | Elf:2    | Reached skill level 14 in Armour
 39031 | Elf:2    | Found a runed translucent gate.
 39031 | Elf:2    | Found a runed translucent gate.
 39031 | Elf:2    | Found a runed translucent gate.
 39507 | Elf:2    | Reached skill level 15 in Invocations
 40061 | Elf:3    | Entered Level 3 of the Elven Halls
 40088 | Elf:3    | Reached skill level 13 in Conjurations
 40093 | Elf:3    | Reached skill level 14 in Fighting
 40093 | Elf:3    | Reached skill level 14 in Short Blades
 40093 | Elf:3    | Reached skill level 14 in Long Blades
 40093 | Elf:3    | Reached skill level 14 in Axes
 40093 | Elf:3    | Reached skill level 14 in Maces & Flails
 40093 | Elf:3    | Reached skill level 14 in Polearms
 40093 | Elf:3    | Reached skill level 14 in Staves
 40093 | Elf:3    | Reached skill level 15 in Ranged Weapons
 40093 | Elf:3    | Reached skill level 14 in Throwing
 40093 | Elf:3    | Reached skill level 14 in Stealth
 40093 | Elf:3    | Reached skill level 14 in Shields
 40093 | Elf:3    | Reached skill level 14 in Unarmed Combat
 40379 | Elf:3    | Found Xyll's Antique Armour Shop.
 40410 | Elf:3    | Reached skill level 13 in Shapeshifting
 40414 | Elf:3    | Reached skill level 12 in Hexes
 40414 | Elf:3    | Reached skill level 12 in Summonings
 40414 | Elf:3    | Reached skill level 12 in Necromancy
 40414 | Elf:3    | Reached skill level 12 in Translocations
 40414 | Elf:3    | Reached skill level 12 in Transmutations
 40414 | Elf:3    | Reached skill level 12 in Fire Magic
 40414 | Elf:3    | Reached skill level 12 in Ice Magic
 40414 | Elf:3    | Reached skill level 12 in Air Magic
 40414 | Elf:3    | Reached skill level 12 in Earth Magic
 40414 | Elf:3    | Reached skill level 12 in Poison Magic
 40591 | Elf:3    | Identified the staff "Neaxerod" {rF+ MP+9 Fire}
 40621 | Elf:3    | Identified the +1 flail "Batapem" {venom, rPois rF- rN+
                  | Str+3}
 40708 | Elf:3    | Found the +27 heavy crossbow "Sniper" {heavy, Acc+∞ SInv}
 41061 | Elf:3    | Found a runed translucent gate.
 41062 | Elf:3    | Found a runed translucent gate.
 41063 | Elf:3    | Found a runed translucent gate.
 41066 | Elf:3    | Found an iron altar of Okawaru.
 41066 | Elf:3    | Noticed Kiciri's ghost (adept DrSh)
 41174 | Elf:3    | Found the +3 Elemental Staff {ele, rElec rF+ rC+ AC+3}
 41186 | Elf:3    | Identified the ring "Guirch" {rElec rF+}
 41338 | Elf:1    | Upgraded the game from 0.31-a0-716-gc7603755dd to
                  | 0.31-a0-731-ga75f04deac
 41485 | Vaults:1 | Entered Level 1 of the Vaults
 41600 | Vaults:1 | Found a magical portal.
 41616 | WizLab   | Entered The Hall of the Hellbinder
 41968 | WizLab   | Noticed Koka
 41980 | WizLab   | Reached skill level 15 in Dodging
 42042 | WizLab   | Killed Koka the Hellbinder
 42098 | WizLab   | Reached XP level 21. HP: 162/166 MP: 33/39
 42197 | WizLab   | Identified the ring "Dafac" {*Corrode +Blink Fly rN+++
                  | Dex+6}
 42200 | WizLab   | Got Obuig's Grimoire of the Legion
 42234 | WizLab   | Found a burning altar of Makhleb.
 42257 | WizLab   | Got the Compendium of the Undertaker
 42474 | Vaults:1 | Noticed Zenata
 42478 | Vaults:1 | Killed Zenata
 43277 | Vaults:1 | Paralysed by a sphinx for 4 turns
 43649 | Vaults:2 | Noticed Jory
 43682 | Vaults:2 | Killed Jory
 43710 | Vaults:2 | Reached skill level 16 in Ranged Weapons
 43991 | Vaults:2 | Found a staircase to the Crypt.
 43991 | Vaults:2 | Found a basalt altar of Yredelemnul.
 43991 | Vaults:2 | Found an ancient bone altar of Kikubaaqudgha.
 44202 | Vaults:2 | Identified the +0 chain mail of the Cartwright {Drain
                  | +Blink rF+ Str+4}
 44311 | Vaults:2 | Identified a +2 robe of resistance
 44311 | Vaults:2 | Noticed Boris
 44938 | Vaults:2 | Reached skill level 15 in Spellcasting
 45060 | Vaults:3 | Reached skill level 16 in Evocations
 45067 | Vaults:3 | Reached skill level 16 in Invocations
 45131 | Vaults:3 | Reached skill level 15 in Armour
 45811 | Vaults:3 | Noticed Nikola
 45817 | Vaults:3 | Killed Nikola
 46227 | Vaults:3 | Noticed Norris
 46234 | Vaults:3 | Killed Norris
 46235 | Vaults:3 | Reached skill level 15 in Fighting
 46235 | Vaults:3 | Reached skill level 15 in Short Blades
 46235 | Vaults:3 | Reached skill level 15 in Long Blades
 46235 | Vaults:3 | Reached skill level 15 in Axes
 46235 | Vaults:3 | Reached skill level 15 in Maces & Flails
 46235 | Vaults:3 | Reached skill level 15 in Polearms
 46235 | Vaults:3 | Reached skill level 15 in Staves
 46235 | Vaults:3 | Reached skill level 15 in Throwing
 46235 | Vaults:3 | Reached skill level 15 in Stealth
 46235 | Vaults:3 | Reached skill level 15 in Shields
 46235 | Vaults:3 | Reached skill level 15 in Unarmed Combat
 46614 | Vaults:4 | Reached XP level 22. HP: 175/175 MP: 31/41
 47004 | Vaults:4 | Reached skill level 17 in Ranged Weapons
 47250 | Vaults:4 | Acquired the scarf of the Black Moon {harm, rC++ Regen+
                  | rCorr Str-5 Dex-3}
 47252 | Vaults:4 | Acquired the Papyrus of Summoned Jinxing
 47262 | Vaults:4 | Learned a level 7 spell: Spellforged Servitor
 47352 | Vaults:4 | Reached skill level 14 in Shapeshifting
 47369 | Vaults:4 | Noticed a golden dragon
 47388 | Vaults:4 | Killed a golden dragon
 47981 | Slime:1  | Entered Level 1 of the Pits of Slime
 47986 | Slime:1  | Reached skill level 14 in Conjurations
 48010 | Lair:5   | Reached skill level 13 in Hexes
 48010 | Lair:5   | Reached skill level 13 in Summonings
 48010 | Lair:5   | Reached skill level 13 in Necromancy
 48010 | Lair:5   | Reached skill level 13 in Translocations
 48010 | Lair:5   | Reached skill level 13 in Transmutations
 48010 | Lair:5   | Reached skill level 13 in Fire Magic
 48010 | Lair:5   | Reached skill level 13 in Ice Magic
 48010 | Lair:5   | Reached skill level 13 in Air Magic
 48010 | Lair:5   | Reached skill level 13 in Earth Magic
 48010 | Lair:5   | Reached skill level 13 in Poison Magic
 49242 | Slime:3  | Reached skill level 16 in Dodging
 50221 | Slime:5  | Entered Level 5 of the Pits of Slime
 50230 | Slime:5  | Paralysed by a formless jellyfish for 1 turns
 50405 | Slime:5  | Noticed the Royal Jelly
 50421 | Slime:5  | Gained mutation: Your magical capacity is low. (-10% MP) [a
                  | shining eye]
 50443 | Slime:5  | Paralysed by a formless jellyfish for 1 turns
 50452 | Slime:5  | Paralysed by a great orb of eyes for 2 turns
 50749 | Slime:5  | Reached skill level 17 in Invocations
 50756 | Slime:5  | Reached XP level 23. HP: 133/183 MP: 21/38
 50775 | Slime:5  | Reached skill level 18 in Ranged Weapons
 50840 | Slime:5  | Killed the Royal Jelly
 50860 | Slime:4  | HP: 17/183 [acid blob[the Royal Jelly] (11)]
 51269 | Slime:5  | Reached skill level 16 in Spellcasting
 51466 | Slime:5  | Identified the staff "Wefasos" {*Corrode +Blink rC+ Earth}
 51479 | Slime:5  | Identified the +6 lajatang of Bread {heavy, Str+3 Int+4}
 51487 | Slime:5  | Got a slimy rune of Zot
 51489 | Slime:5  | Got Sif Muna's Information on the Viridian Body
 52099 | Lair:5   | Killed Rupert
 52389 | D:12     | Killed esser2137's ghost
 52390 | D:12     | Reached skill level 16 in Armour
 52565 | Depths:1 | Entered Level 1 of the Depths
 52672 | Depths:1 | Reached skill level 17 in Evocations
 52737 | Depths:1 | Paralysed by a sphinx for 5 turns
 52997 | Depths:1 | Reached skill level 16 in Fighting
 52997 | Depths:1 | Reached skill level 16 in Short Blades
 52997 | Depths:1 | Reached skill level 16 in Long Blades
 52997 | Depths:1 | Reached skill level 16 in Axes
 52997 | Depths:1 | Reached skill level 16 in Maces & Flails
 52997 | Depths:1 | Reached skill level 16 in Polearms
 52997 | Depths:1 | Reached skill level 16 in Staves
 52997 | Depths:1 | Reached skill level 16 in Throwing
 52997 | Depths:1 | Reached skill level 16 in Stealth
 52997 | Depths:1 | Reached skill level 16 in Shields
 52997 | Depths:1 | Reached skill level 16 in Unarmed Combat
 53054 | Depths:1 | Found a one-way gate to the infinite horrors of the Abyss.
 53134 | Depths:1 | Found Ugrul's Antique Weapon Shoppe.
 53137 | Depths:1 | Found Sinire's Weapon Shoppe.
 53137 | Depths:1 | Found Ybliarem's Weapon Emporium.
 53176 | Depths:1 | Found Reonkab's Armour Emporium.
 53198 | Depths:1 | Found a stormy altar of Qazlal.
 53791 | Depths:2 | Found a white marble altar of Elyvilon.
 54051 | Depths:2 | Found a sacrificial altar of Ru.
 54057 | Depths:2 | Reached skill level 14 in Air Magic
 54439 | Depths:2 | Found a one-way gate leading to the halls of Pandemonium.
 54965 | Depths:2 | Reached skill level 15 in Shapeshifting
 54996 | Depths:2 | Got Syrupeh's Elucidation of Harmful Topology
 55083 | Depths:3 | Found a one-way gateway to a ziggurat.
 55259 | Depths:3 | Learned a level 8 spell: Ignition
 55626 | Depths:3 | Got Isaobaco's Catalogue of the Blazing Lungs
 55667 | Depths:3 | Reached skill level 19 in Ranged Weapons
 55793 | Depths:3 | Reached XP level 24. HP: 165/192 MP: 6/39
 56538 | Depths:3 | Found the amulet of the Air {Inacc Air Fly rElec RMsl}
 56628 | Depths:3 | Reached skill level 17 in Dodging
 56629 | Depths:3 | Reached skill level 14 in Hexes
 56629 | Depths:3 | Reached skill level 14 in Summonings
 56629 | Depths:3 | Reached skill level 14 in Necromancy
 56629 | Depths:3 | Reached skill level 14 in Translocations
 56629 | Depths:3 | Reached skill level 14 in Transmutations
 56629 | Depths:3 | Reached skill level 14 in Fire Magic
 56629 | Depths:3 | Reached skill level 14 in Ice Magic
 56629 | Depths:3 | Reached skill level 14 in Earth Magic
 56629 | Depths:3 | Reached skill level 14 in Poison Magic
 56916 | Depths:3 | Identified the amulet "Muymajy" {Spirit *Slow Regen+ Int+9}
 56992 | Depths:4 | Entered Level 4 of the Depths
 57031 | Depths:4 | Reached skill level 15 in Conjurations
 57364 | Depths:4 | Found a hazy altar of Hepliaklqana.
 57549 | Depths:4 | Found Larch's Self-Published Books.
 57611 | Depths:4 | Noticed a caustic shrike
 57611 | Depths:4 | Noticed a caustic shrike
 57612 | Depths:4 | Noticed a caustic shrike
 57613 | Depths:4 | Noticed a caustic shrike
 57616 | Depths:4 | Noticed a caustic shrike
 57618 | Depths:4 | Killed a caustic shrike
 57618 | Depths:4 | Killed a caustic shrike
 57620 | Depths:4 | Killed a caustic shrike
 57620 | Depths:4 | Killed a caustic shrike
 57621 | Depths:4 | Reached skill level 18 in Invocations
 57623 | Depths:4 | Killed a caustic shrike
 57886 | Depths:4 | Upgraded the game from 0.31-a0-731-ga75f04deac to
                  | 0.31-a0-744-gbc345e7fcb
 58098 | Depths:4 | Identified the +3 dagger "Koph" {flame, rN+ Int+4}
 58102 | Depths:4 | Reached skill level 15 in Air Magic
 58320 | Depths:4 | Found a gate to the Realm of Zot.
 58325 | Depths:4 | Reached skill level 17 in Spellcasting
 58355 | Depths:4 | Reached skill level 17 in Armour
 58447 | Depths:4 | Found a portal to a secret trove of treasure.
 59164 | Vaults:2 | Killed Boris
 59415 | Vaults:5 | Entered Level 5 of the Vaults
 59417 | Vaults:5 | Reached skill level 20 in Ranged Weapons
 59417 | Vaults:5 | Reached skill level 18 in Evocations
 59422 | Vaults:5 | Reached skill level 17 in Fighting
 59422 | Vaults:5 | Reached skill level 17 in Short Blades
 59422 | Vaults:5 | Reached skill level 17 in Long Blades
 59422 | Vaults:5 | Reached skill level 17 in Axes
 59422 | Vaults:5 | Reached skill level 17 in Maces & Flails
 59422 | Vaults:5 | Reached skill level 17 in Polearms
 59422 | Vaults:5 | Reached skill level 17 in Staves
 59422 | Vaults:5 | Reached skill level 17 in Throwing
 59422 | Vaults:5 | Reached skill level 17 in Stealth
 59422 | Vaults:5 | Reached skill level 17 in Shields
 59422 | Vaults:5 | Reached skill level 17 in Unarmed Combat
 59423 | Vaults:5 | Reached XP level 25. HP: 197/201 MP: 39/39
 59425 | Vaults:5 | Noticed Margery
 59432 | Vaults:5 | Noticed a dread lich
 59435 | Vaults:5 | Noticed an ancient lich
 59436 | Vaults:5 | Killed Margery
 59438 | Vaults:5 | Killed a dread lich
 59441 | Vaults:5 | Killed an ancient lich
 59442 | Vaults:5 | Noticed a dread lich
 59445 | Vaults:5 | Killed a dread lich
 59528 | Vaults:5 | Reached skill level 16 in Shapeshifting
 59782 | Vaults:5 | Reached skill level 16 in Air Magic
 59818 | Vaults:5 | Identified the +6 scale mail "Igrireux" {Fly SInv}
 59869 | Vaults:5 | Noticed Xtahua
 59881 | Vaults:5 | Killed Xtahua
 59891 | Vaults:5 | Noticed Frederick
 59919 | Vaults:5 | Reached skill level 18 in Dodging
 59920 | Vaults:5 | Killed Frederick
 60047 | Vaults:5 | Identified the +1 leather armour "Boneusua" {Harm rElec
                  | rPois Will- Dex+3}
 60644 | Vaults:5 | Identified the +5 hand axe of Woe {protect, Int+4}
 60652 | Vaults:5 | Got a silver rune of Zot
 61471 | Depths:4 | You paid a toll of +2 gold dragon scales to enter a
                  | treasure trove
 61472 | Trove    | Entered a treasure trove
 61474 | Trove    | Found the +9 sword of Power {lifebolt}
 61474 | Trove    | Found the +10 pair of quick blades "Gyre" and "Gimble"
                  | {protect}
 61476 | Trove    | Identified the +3 halberd "Detezou" {freeze, rN+}
 61480 | Trove    | Identified the +6 falchion of Ateotuj {flame, MP+9}
 61483 | Trove    | Identified the +5 dire flail "Duf Coyq" {protect, rN+}
 61491 | Trove    | Identified the +1 hand axe of the Singing Big Fish {freeze,
                  | rElec rF+ MP+9 Stlth+}
 61883 | Crypt:1  | Entered Level 1 of the Crypt
 61900 | Crypt:1  | You fall into a shaft and drop 1 floor!
 61989 | Crypt:2  | Found a runed translucent gate.
 61989 | Crypt:2  | Found a runed translucent gate.
 61989 | Crypt:2  | Found a runed translucent gate.
 61992 | Crypt:2  | Noticed Wed Dyk's ghost (veteran MiBe)
 62008 | Crypt:2  | Reached skill level 19 in Invocations
 62033 | Crypt:2  | Reached skill level 21 in Ranged Weapons
 62224 | Crypt:1  | Identified the +3 leather armour "Deokec" {rF+ rC+}
 62231 | Crypt:1  | Reached skill level 15 in Hexes
 62231 | Crypt:1  | Reached skill level 15 in Summonings
 62231 | Crypt:1  | Reached skill level 15 in Necromancy
 62231 | Crypt:1  | Reached skill level 15 in Translocations
 62231 | Crypt:1  | Reached skill level 15 in Transmutations
 62231 | Crypt:1  | Reached skill level 15 in Fire Magic
 62231 | Crypt:1  | Reached skill level 15 in Ice Magic
 62231 | Crypt:1  | Reached skill level 15 in Earth Magic
 62231 | Crypt:1  | Reached skill level 15 in Poison Magic
 62770 | Crypt:1  | Reached XP level 26. HP: 209/209 MP: 36/40
 62870 | Crypt:1  | Noticed Khufu
 62870 | Crypt:1  | Noticed a royal mummy
 62879 | Crypt:1  | Killed a royal mummy
 62884 | Crypt:1  | Killed Khufu
 63266 | Crypt:1  | Reached skill level 16 in Conjurations
 63470 | Crypt:2  | Reached skill level 18 in Spellcasting
 63520 | Crypt:2  | Reached skill level 18 in Armour
 63668 | Crypt:2  | Learned a level 9 spell: Chain Lightning
 63949 | Crypt:2  | Found an ancient bone altar of Kikubaaqudgha.
 64128 | Crypt:2  | Killed Wed Dyk's ghost
 64399 | Vaults:5 | Identified a potion of experience
 64400 | Vaults:5 | Reached XP level 27. HP: 217/217 MP: 40/40
 64570 | Crypt:3  | Entered Level 3 of the Crypt
 64573 | Crypt:3  | Reached skill level 18 in Fighting
 64573 | Crypt:3  | Reached skill level 18 in Short Blades
 64573 | Crypt:3  | Reached skill level 18 in Long Blades
 64573 | Crypt:3  | Reached skill level 18 in Axes
 64573 | Crypt:3  | Reached skill level 18 in Maces & Flails
 64573 | Crypt:3  | Reached skill level 18 in Polearms
 64573 | Crypt:3  | Reached skill level 18 in Staves
 64573 | Crypt:3  | Reached skill level 18 in Throwing
 64573 | Crypt:3  | Reached skill level 18 in Stealth
 64573 | Crypt:3  | Reached skill level 18 in Shields
 64573 | Crypt:3  | Reached skill level 18 in Unarmed Combat
 64596 | Crypt:3  | Noticed a curse skull
 64599 | Crypt:3  | Killed a curse skull
 64600 | Crypt:3  | Reached skill level 17 in Air Magic
 64930 | Crypt:3  | Reached skill level 19 in Evocations
 64939 | Crypt:3  | Noticed a curse skull
 64942 | Crypt:3  | Killed a curse skull
 64942 | Crypt:3  | Noticed a curse skull
 64950 | Crypt:3  | Killed a curse skull
 65207 | Crypt:3  | Found a staircase to the Tomb.
 65990 | Crypt:3  | Identified the ring of Faphuca {rPois rN+ Will+ Dex+4}
 66062 | Crypt:3  | Found a basalt altar of Yredelemnul.
 66065 | Crypt:3  | Found an ancient bone altar of Kikubaaqudgha.
 66067 | Crypt:3  | Identified the ring of Optimism {rN+ Str+4 Int-4}
 66136 | Crypt:3  | Found the +7 great mace "Undeadhunter" {deathbane, rN+}
 66145 | Crypt:3  | Identified the +11 mace of Dim Light {elec, rElec rPois
                  | Int+2 Stlth-}
 66227 | Crypt:3  | Reached skill level 22 in Ranged Weapons
 67007 | Elf:3    | Killed Kiciri's ghost
 67427 | Zot:1    | Entered Level 1 of the Realm of Zot
 68618 | Zot:1    | Reached skill level 17 in Shapeshifting
 69094 | Zot:1    | Noticed an electric golem
 69096 | Zot:1    | Killed an electric golem
 69471 | Zot:2    | Noticed Beshis's ghost (legendary FoHu)
 69472 | Zot:2    | Found a runed translucent door.
 69482 | Zot:2    | Noticed an electric golem
 69485 | Zot:2    | Reached skill level 20 in Invocations
 69486 | Zot:2    | Reached skill level 19 in Dodging
 69486 | Zot:2    | Killed an electric golem
 69873 | Zot:2    | Noticed a curse toe
 69878 | Zot:2    | Killed a curse toe
 70099 | Zot:2    | Reached skill level 18 in Air Magic
 70469 | Zot:2    | Noticed Grunn
 70472 | Zot:2    | Killed Grunn
 70647 | Zot:3    | Reached skill level 16 in Hexes
 70647 | Zot:3    | Reached skill level 16 in Summonings
 70647 | Zot:3    | Reached skill level 16 in Necromancy
 70647 | Zot:3    | Reached skill level 16 in Translocations
 70647 | Zot:3    | Reached skill level 16 in Transmutations
 70647 | Zot:3    | Reached skill level 16 in Fire Magic
 70647 | Zot:3    | Reached skill level 16 in Ice Magic
 70647 | Zot:3    | Reached skill level 16 in Earth Magic
 70647 | Zot:3    | Reached skill level 16 in Poison Magic
 70850 | Zot:3    | Reached skill level 19 in Spellcasting
 71097 | Zot:3    | Reached skill level 19 in Armour
 71712 | Zot:3    | Reached skill level 23 in Ranged Weapons
 71842 | Zot:3    | Reached skill level 17 in Conjurations
 72440 | Zot:4    | Reached skill level 19 in Fighting
 72440 | Zot:4    | Reached skill level 19 in Short Blades
 72440 | Zot:4    | Reached skill level 19 in Long Blades
 72440 | Zot:4    | Reached skill level 19 in Axes
 72440 | Zot:4    | Reached skill level 19 in Maces & Flails
 72440 | Zot:4    | Reached skill level 19 in Polearms
 72440 | Zot:4    | Reached skill level 19 in Staves
 72440 | Zot:4    | Reached skill level 19 in Throwing
 72440 | Zot:4    | Reached skill level 19 in Stealth
 72440 | Zot:4    | Reached skill level 19 in Shields
 72440 | Zot:4    | Reached skill level 19 in Unarmed Combat
 72758 | Zot:4    | Noticed a curse toe
 72762 | Zot:4    | Killed a curse toe
 72843 | Zot:4    | Reached skill level 20 in Evocations
 73967 | Hell     | Entered the Vestibule of Hell
 73968 | Hell     | Noticed Geryon
 73969 | Hell     | Noticed Murray
 73972 | Hell     | Killed Geryon
 74048 | Hell     | Killed Murray
 74566 | Hell     | Found a gateway to the freezing wastes of Cocytus.
 74625 | Hell     | Found a gateway to the Iron City of Dis.
 74727 | Hell     | Found a gateway to the ashen valley of Gehenna.
 74839 | Hell     | Reached skill level 19 in Air Magic
 74928 | Hell     | Found a gateway to the decaying netherworld of Tartarus.
 75076 | Depths:4 | Learned a level 9 spell: Polar Vortex
 75081 | Depths:4 | Upgraded the game from 0.31-a0-744-gbc345e7fcb to
                  | 0.31-a0-746-ge8284cb111
 75189 | Pan      | Entered Pandemonium
 75310 | Pan      | Noticed Poplaboq the pandemonium lord
 75311 | Pan      | Identified a +2 robe of resistance
 75316 | Pan      | Killed Poplaboq the pandemonium lord
 75338 | Pan      | Reached skill level 21 in Invocations
 75345 | Pan      | Reached skill level 18 in Shapeshifting
 76190 | Pan      | Reached skill level 20 in Dodging
 76203 | Pan      | Reached skill level 24 in Ranged Weapons
 76641 | Pan      | Identified the +7 trident "Liami" {freeze, rCorr}
 77404 | Pan      | Noticed Lossismy the pandemonium lord
 77412 | Pan      | Killed Lossismy the pandemonium lord
 78712 | Pan      | Got a demonic rune of Zot
 78783 | Pan      | Noticed Tugiryiwn the pandemonium lord
 78786 | Pan      | Killed Tugiryiwn the pandemonium lord
 78808 | Pan      | Reached skill level 20 in Spellcasting
 78830 | Pan      | Reached skill level 20 in Armour
 79334 | Pan      | Reached skill level 17 in Hexes
 79334 | Pan      | Reached skill level 17 in Summonings
 79334 | Pan      | Reached skill level 17 in Necromancy
 79334 | Pan      | Reached skill level 17 in Translocations
 79334 | Pan      | Reached skill level 17 in Transmutations
 79334 | Pan      | Reached skill level 17 in Fire Magic
 79334 | Pan      | Reached skill level 17 in Ice Magic
 79334 | Pan      | Reached skill level 17 in Earth Magic
 79334 | Pan      | Reached skill level 17 in Poison Magic
 79923 | Pan      | Noticed Kisuw the pandemonium lord
 79926 | Pan      | Killed Kisuw the pandemonium lord
 80191 | Pan      | Reached skill level 20 in Fighting
 80191 | Pan      | Reached skill level 20 in Short Blades
 80191 | Pan      | Reached skill level 20 in Long Blades
 80191 | Pan      | Reached skill level 20 in Axes
 80191 | Pan      | Reached skill level 20 in Maces & Flails
 80191 | Pan      | Reached skill level 20 in Polearms
 80191 | Pan      | Reached skill level 20 in Staves
 80191 | Pan      | Reached skill level 20 in Throwing
 80191 | Pan      | Reached skill level 20 in Stealth
 80191 | Pan      | Reached skill level 20 in Shields
 80191 | Pan      | Reached skill level 20 in Unarmed Combat
 80311 | Pan      | Found an exit through the horrors of the Abyss.
 80690 | Pan      | Reached skill level 20 in Air Magic
 81853 | Pan      | Noticed Umo Wuub the pandemonium lord
 81857 | Pan      | Killed Umo Wuub the pandemonium lord
 82069 | Pan      | Gained mutation: You are frail. (-10% HP) [a neqoxec]
 82418 | Pan      | Reached skill level 21 in Evocations
 82460 | Pan      | Entered the realm of Gloorx Vloq.
 82502 | Pan      | Found an exit through the horrors of the Abyss.
 82603 | Pan      | Reached skill level 18 in Conjurations
 82824 | Pan      | Noticed a curse skull
 82826 | Pan      | Killed a curse skull
 82827 | Pan      | Reached skill level 25 in Ranged Weapons
 83105 | Pan      | Noticed a curse skull
 83106 | Pan      | Killed a curse skull
 83183 | Pan      | Noticed Gloorx Vloq
 83188 | Pan      | Killed Gloorx Vloq
 83197 | Pan      | Got a dark rune of Zot
 83337 | Pan      | Entered the realm of Lom Lobon.
 83419 | Pan      | Reached skill level 22 in Invocations
 84085 | Pan      | Noticed Lom Lobon
 84100 | Pan      | Killed Lom Lobon
 84108 | Pan      | Got a magical rune of Zot
 84574 | Pan      | Gained mutation: You are weak. (Str -2) [a cacodemon]
 84680 | Pan      | Noticed Usygoum the pandemonium lord
 84685 | Pan      | Killed Usygoum the pandemonium lord
 84686 | Pan      | Reached skill level 19 in Shapeshifting
 84887 | Pan      | Reached skill level 21 in Dodging
 84890 | Pan      | Entered the realm of Cerebov.
 85072 | Pan      | Lost mutation: You are frail. (-10% HP) [potion of
                  | mutation]
 85072 | Pan      | Lost mutation: Your magical capacity is low. (-10% MP)
                  | [potion of mutation]
 85072 | Pan      | Lost mutation: You are weak. (Str -2) [potion of mutation]
 85072 | Pan      | Gained mutation: You have a somewhat thin skeletal
                  | structure. (Dex +2, Stealth+) [potion of mutation]
 85072 | Pan      | Gained mutation: Your magical capacity is low. (-10% MP)
                  | [potion of mutation]
 85824 | Pan      | Identified the +4 halberd of the Shoals {antimagic, Dex+5}
 85862 | Pan      | Identified the +1 scimitar of Duty {pain, Fly}
 85895 | Pan      | Reached skill level 21 in Air Magic
 85981 | Pan      | Identified the ring "Faraseum" {*Slow Fly rF+ rC+ Str+4}
 86316 | Pan      | Identified the ring "Muwko" {rPois rF- rCorr Int+8 Dex-4}
 86404 | Pan      | Identified the +8 flail of Discomfort {protect, rC- rN+++
                  | MP-9 SInv}
 86484 | Pan      | Reached skill level 21 in Spellcasting
 86613 | Pan      | Found the +6 sword of Cerebov {flame}
 86613 | Pan      | Noticed Cerebov
 86624 | Pan      | Reached skill level 21 in Armour
 86626 | Pan      | Killed Cerebov
 86627 | Pan      | Reached skill level 26 in Ranged Weapons
 86675 | Pan      | Got a fiery rune of Zot
 86984 | Pan      | Upgraded the game from 0.31-a0-746-ge8284cb111 to
                  | 0.31-a0-765-g67fe2935dc
 87110 | Pan      | Entered the realm of Mnoleg.
 87168 | Pan      | Found an exit through the horrors of the Abyss.
 87216 | Pan      | Gained mutation: Your magical capacity is very low. (-20%
                  | MP) [a cacodemon]
 87227 | Pan      | Lost mutation: Your magical capacity is very low. (-20% MP)
                  | [potion of mutation]
 87227 | Pan      | Lost mutation: Your magical capacity is low. (-10% MP)
                  | [potion of mutation]
 87227 | Pan      | Lost mutation: You have a somewhat thin skeletal structure.
                  | (Dex +2, Stealth+) [potion of mutation]
 87227 | Pan      | Gained mutation: You are partially covered in large bone
                  | plates. (SH +4) [potion of mutation]
 87227 | Pan      | Gained mutation: You are agile. (Dex +4, Str/Int -1)
                  | [potion of mutation]
 87227 | Pan      | Gained mutation: Your flesh is cold resistant. (rC+)
                  | [potion of mutation]
 87505 | Pan      | Reached skill level 21 in Fighting
 87505 | Pan      | Reached skill level 21 in Short Blades
 87505 | Pan      | Reached skill level 21 in Long Blades
 87505 | Pan      | Reached skill level 21 in Axes
 87505 | Pan      | Reached skill level 21 in Maces & Flails
 87505 | Pan      | Reached skill level 21 in Polearms
 87505 | Pan      | Reached skill level 21 in Staves
 87505 | Pan      | Reached skill level 21 in Throwing
 87505 | Pan      | Reached skill level 21 in Stealth
 87505 | Pan      | Reached skill level 21 in Shields
 87505 | Pan      | Reached skill level 21 in Unarmed Combat
 87515 | Pan      | Gained mutation: You are occasionally teleported next to
                  | monsters. [a cacodemon]
 87543 | Pan      | Gained mutation: You occasionally lose the ability to drink
                  | potions when taking damage. [a cacodemon]
 87545 | Pan      | Reached skill level 18 in Hexes
 87545 | Pan      | Reached skill level 18 in Summonings
 87545 | Pan      | Reached skill level 18 in Necromancy
 87545 | Pan      | Reached skill level 18 in Translocations
 87545 | Pan      | Reached skill level 18 in Transmutations
 87545 | Pan      | Reached skill level 18 in Fire Magic
 87545 | Pan      | Reached skill level 18 in Ice Magic
 87545 | Pan      | Reached skill level 18 in Earth Magic
 87545 | Pan      | Reached skill level 18 in Poison Magic
 87681 | Pan      | Gained mutation: You have hidden genetic defects. [a
                  | cacodemon]
 87710 | Pan      | Lost mutation: You have hidden genetic defects. [a
                  | cacodemon]
 87842 | Pan      | Noticed Mnoleg
 87848 | Pan      | Killed Mnoleg
 87857 | Pan      | Got a glowing rune of Zot
 88085 | Pan      | Lost mutation: You occasionally lose the ability to drink
                  | potions when taking damage. [potion of mutation]
 88085 | Pan      | Lost mutation: You are occasionally teleported next to
                  | monsters. [potion of mutation]
 88085 | Pan      | Gained mutation: Your mind is acute. (Int +4, Str/Dex -1)
                  | [potion of mutation]
 88085 | Pan      | Gained mutation: You are partially covered in iridescent
                  | scales. (AC +2) [potion of mutation]
 88085 | Pan      | Gained mutation: You are covered in fur. (AC +1) [potion of
                  | mutation]
 88087 | Pan      | Took an exit into the Abyss.
 88087 | Abyss:3  | You pass through the gate.
 88087 | Abyss:3  | Escaped into the Abyss
 88091 | Abyss:3  | Found a corrupted altar of Lugonu.
 88119 | Abyss:3  | Found a corrupted altar of Lugonu.
 88195 | Abyss:3  | Noticed a dread lich
 88196 | Abyss:3  | Killed a dread lich
 88341 | Abyss:3  | Reached skill level 22 in Evocations
 88564 | Depths:2 | You pass through the gate.
 88564 | Depths:2 | Escaped the Abyss
 88991 | Depths:2 | Upgraded the game from 0.31-a0-765-g67fe2935dc to
                  | 0.31-a0-960-g0fca184906
 89041 | Dis:1    | Entered Level 1 of the Iron City of Dis
 89041 | Dis:1    | Noticed a caustic shrike
 89041 | Dis:1    | Noticed a caustic shrike
 89041 | Dis:1    | Noticed a caustic shrike
 89041 | Dis:1    | Noticed a caustic shrike
 89041 | Dis:1    | Noticed a caustic shrike
 89041 | Dis:1    | Noticed a caustic shrike
 89041 | Dis:1    | Noticed a caustic shrike
 89041 | Dis:1    | Noticed a caustic shrike
 89043 | Dis:1    | Killed a caustic shrike
 89043 | Dis:1    | Killed a caustic shrike
 89043 | Dis:1    | Killed a caustic shrike
 89043 | Dis:1    | Killed a caustic shrike
 89043 | Dis:1    | Killed a caustic shrike
 89043 | Dis:1    | Killed a caustic shrike
 89043 | Dis:1    | Killed a caustic shrike
 89043 | Dis:1    | Killed a caustic shrike
 89044 | Dis:1    | Reached skill level 23 in Invocations
 89051 | Dis:1    | Reached skill level 19 in Conjurations
 90136 | Dis:3    | Reached skill level 22 in Air Magic
 90601 | Dis:3    | Noticed a caustic shrike
 90601 | Dis:3    | Noticed a caustic shrike
 90601 | Dis:3    | Noticed a caustic shrike
 90604 | Dis:3    | Noticed a caustic shrike
 90605 | Dis:3    | Killed a caustic shrike
 90605 | Dis:3    | Killed a caustic shrike
 90605 | Dis:3    | Killed a caustic shrike
 90608 | Dis:3    | Killed a caustic shrike
 90743 | Dis:3    | Reached skill level 27 in Ranged Weapons
 90764 | Dis:4    | Reached skill level 20 in Shapeshifting
 90792 | Dis:4    | Reached skill level 22 in Dodging
 90818 | Dis:4    | HP: 18/229 [iron golem[an iron giant] (26)]
 90818 | Dis:4    | Mangled by an iron golem

Vanquished Creatures
  Cerebov (Pan)
  the Royal Jelly (Slime:5)
  Gloorx Vloq (Pan)
  Mnoleg (Pan)
  Lom Lobon (Pan)
  3 dread liches
  An ancient lich (Vaults:5)
  Khufu (Crypt:1)
  Boris (Vaults:2)
  Frederick (Vaults:5)
  The ghost of Wed Dyk the Axe Maniac, a veteran MiBe of Trog (Crypt:2)
  A Killer Klown (Zot:2)
  17 caustic shrikes
  2 curse toes
  Xtahua (Vaults:5)
  Geryon (Hell)
  6 pandemonium lords (Pan)
  8 golden dragons
  2 profane servitors (Crypt:3)
  Jory (Vaults:2)
  Nikola (Vaults:3)
  3 bone dragons
  Norris (Vaults:3)
  2 Tzitzimimeh
  4 Brimstone Fiends (Pan)
  3 doom hounds (Zot:2)
  A Hellbinder (WizLab)
  A hellephant (Pan)
  2 electric golems
  15 tentacled monstrosities
  6 iron giants
  4 Ice Fiends
  Zenata (Vaults:1)
  4 Hell Sentinels
  Grunn (Zot:2)
  8 liches
  3 deep elf blademasters
  The ghost of Kiciri the Metamorph, an adept DrSh of Sif Muna (Elf:3)
  5 titans
  A walking crystal tome (Depths:4)
  5 quicksilver dragons
  15 acid blobs
  Murray (Hell)
  2 deep elf master archers (Elf:3)
  5 sphinxes
  Frances (Snake:2)
  An eldritch tentacle (Pan)
  20 ancient champions
  22 Executioners
  2 tentacled starspawn (Abyss:3)
  8 death cobs
  Agnes (Elf:1)
  14 shadow dragons
  Aizul (Snake:3)
  8 storm dragons
  14 azure jellies
  8 nagarajas
  6 tengu reavers
  5 fire giants
  4 revenants
  Donald (Orc:2)
  14 rockslimes
  2 draconian knights
  5 demonspawn warmongers (Pan)
  14 vault wardens
  7 draconian monks
  10 frost giants
  An iron dragon (Hell)
  2 draconian scorchers
  4 quicksilver elementals
  6 deep elf sorcerers
  3 draconian shifters
  4 deep elf elementalists
  5 curse skulls
  3 ghouls
  36 balrugs
  24 cacodemons
  A spriggan defender (Depths:2)
  6 demonspawn blood saints
  5 demonspawn corrupters (Pan)
  10 war gargoyles
  11 quicksilver oozes
  4 orc warlords
  17 reapers
  9 ironbound preservers
  8 draconian stormcallers
  2 ironbound thunderhulks (Vaults:4)
  An ophan (Abyss:3)
  A ghost moth (Zot:4)
  5 vampire knights
  A caustic shrike skeleton (Crypt:3)
  18 very ugly things
  6 stone giants
  6 formless jellyfish
  Nessos (Orc:2)
  10 draconian annihilators
  5 green draconians
  9 lorocyprocas
  A putrid mouth (Hell)
  6 deep elf demonologists (Elf:3)
  8 black draconians
  10 deep elf annihilators
  A minotaur (shapeshifter) (Vaults:5)
  10 purple draconians
  4 dire elephants
  13 white draconians
  7 eidola
  12 red draconians
  A demonspawn black sun (Pan)
  6 yellow draconians
  4 minotaurs (Elf:3)
  13 spark wasps
  13 blizzard demons
  The ghost of esser2137 the Stormcaller, a journeyman DrAE of Gozag (D:12)
  10 fire dragons
  5 iron golems
  Snorg (Orc:1)
  5 deep elf death magi
  6 merfolk javelineers
  9 ettins
  12 green deaths
  7 merfolk impalers (Shoals:4)
  2 mummy priests (Crypt:3)
  10 yaktaur captains
  Josephine (D:10)
  10 great orbs of eyes
  2 entropy weavers (Vaults:1)
  A fenstrider witch zombie (Crypt:3)
  3 deep elf high priests
  19 jiangshi
  27 vault guards
  A quicksilver dragon skeleton (Pan)
  A peacekeeper (Vaults:4)
  11 hell beasts
  7 ogre magi
  4 ice dragons
  12 hydras
  2 spriggan air magi (Depths:2)
  7 rakshasas
  13 anacondas
  A catoblepas (Lair:4)
  3 death knights
  8 centaur warriors
  3 alligator snapping turtles
  An anaconda (shapeshifter) (Vaults:5)
  12 boulder beetles
  4 spriggan skeletons
  4 fenstrider witch skeletons (Pan)
  4 merfolk avatars
  2 sphinx skeletons (Crypt:3)
  8 ironbound frosthearts
  20 two-headed ogres
  4 merfolk aquamancers (Shoals:4)
  A satyr (Shoals:4)
  4 tengu warriors
  3 deep troll shamans
  11 naga warriors
  12 hell hogs
  12 death yaks
  5 deep troll earth magi
  17 naga sharpshooters
  8 vampire magi
  32 demonic crawlers (Pan)
  23 dancing weapons
  8 spriggan berserkers
  Urug (D:12)
  An orc high priest (Elf:1)
  3 thrashing horrors (Abyss:3)
  2 wretched stars (Abyss:3)
  11 hell knights
  7 shock serpents
  23 soul eaters
  3 spriggans (Depths:2)
  79 sun demons
  2 crystal echidnas
  A fire crab (shapeshifter) (D:14)
  18 deep elf knights
  19 shadow wraiths
  2 salamander mystics (Snake:4)
  13 sixfirhies (Pan)
  16 skeletal warriors
  4 iron trolls
  7 skysharks
  A storm dragon skeleton (Pan)
  2 bunyip zombies
  A spatial maelstrom (Abyss:3)
  6 glowing orange brains
  19 occultists
  23 sea snakes
  5 shadow demons
  21 deep trolls
  A tengu zombie (Hell)
  5 flayed ghosts
  7 naga ritualists
  7 deep elf archers
  8 necromancers
  A steelbarb worm (shapeshifter) (Depths:2)
  11 phantasmal warriors
  An obsidian statue (Vaults:4)
  A harpy (Shoals:4)
  A bog body (Crypt:1)
  18 lindwurms
  22 ironbound convokers
  37 deep elf zephyrmancers
  2 anaconda skeletons
  12 orc knights
  A wolf spider zombie (Crypt:3)
  20 deep elf pyromancers
  6 mana vipers
  5 shining eyes
  6 orc sorcerers
  A faun (shapeshifter) (Depths:2)
  11 salamanders
  26 moths of wrath
  14 manticores
  A manticore (shapeshifter) (Vaults:5)
  A faun (Shoals:3)
  The ghost of Essalna the Destroyer, a novice DsCj (D:7)
  13 vault sentinels
  A worldbinder (Abyss:3)
  3 centaur zombies
  46 ugly things
  7 cyclopes
  11 rust devils
  An ice statue (IceCv)
  A formless jellyfish zombie (Crypt:1)
  A merfolk siren (Shoals:4)
  3 elephants (Lair:2)
  36 black mambas
  9 water nymphs
  A goliath frog skeleton (Crypt:3)
  Maurice (D:10)
  2 gargoyles
  11 guardian serpents
  2 centaur skeletons (D:15)
  24 naga magi
  An apocalypse crab (Abyss:3)
  2 naga skeletons
  35 orange demons
  65 smoke demons
  A yellow draconian zombie (Crypt:3)
  18 cane toads
  2 cane toads (shapeshifter)
  5 kobold demonologists
  A rime drake (shapeshifter) (Abyss:3)
  7 efreet
  An unseen horror (D:10)
  29 hellions
  10 swamp worm zombies (Crypt:3)
  11 freezing wraiths
  36 yaktaurs
  15 tormentors
  3 ancient zymes (Abyss:3)
  A dire elephant skeleton (Pan)
  12 rime drakes
  A redback zombie (Crypt:2)
  4 tengu conjurers
  10 komodo dragons
  An alligator snapping turtle skeleton (Pan)
  8 ice devils
  A black draconian skeleton (Crypt:1)
  7 trolls
  2 harpy zombies (Crypt:3)
  11 red devils
  8 guardian mummies
  24 merfolk
  A sea snake skeleton (Crypt:3)
  26 hellwings
  A wolf spider simulacrum (D:14)
  6 polar bears
  12 wind drakes
  5 hornets
  Grinder (D:3)
  8 blink frogs
  10 snapping turtles
  A harpy skeleton (Abyss:3)
  6 dream sheep (Lair:4)
  7 raiju (Abyss:3)
  A tarantella zombie (Crypt:2)
  A dream sheep (shapeshifter) (Vaults:5)
  29 large abominations
  5 air elementals
  An ushabti (Crypt:3)
  87 slime creatures
  A shadow (D:11)
  Sigmund (D:4)
  A black mamba skeleton (Pan)
  40 ynoxinuls
  12 wraiths
  A centaur simulacrum (Hell)
  62 yaks
  3 fire bats (Pan)
  A hog (shapeshifter) (Vaults:5)
  9 starcursed masses (Abyss:3)
  18 water elementals
  8 wyverns
  4 fire elementals
  23 chaos spawn
  16 humans (D:13)
  5 basilisks
  5 golden eyes
  3 steam dragons (D:8)
  33 neqoxecs
  8 vampire mosquitoes
  2 redbacks (Vaults:1)
  Edmund (D:4)
  Menkaure (D:3)
  2 spatial vortices (Abyss:3)
  8 wargs
  21 water moccasins
  6 hell hounds
  53 nagas
  A black bear (D:5)
  2 ice beasts (D:7)
  2 faun skeletons
  An ettin simulacrum (Crypt:3)
  A sky beast (D:8)
  33 ogres
  31 orc warriors
  28 wolves
  2 centaurs
  5 kobold brigands
  Blork the orc (D:4)
  6 small abominations
  4 bullfrogs
  5 necrophages
  A gnoll sergeant (D:7)
  5 scorpions
  A draconian skeleton (Crypt:1)
  4 earth elementals
  2 naga simulacra (Hell)
  5 wights
  6 killer bees
  4 howler monkeys
  6 electric eels (D:9)
  10 crimson imps
  2 human zombies (Crypt:1)
  4 quasits
  11 jellies
  2 hounds
  20 orc priests
  Crazy Yiuf (D:5)
  A bullfrog skeleton (Crypt:1)
  2 gnoll boudas
  3 sleepcaps
  Natasha (thrice) (D:3)
  Ijyb (D:5)
  24 orc wizards
  A black bear skeleton (Crypt:3)
  A boggart zombie (D:15)
  3 iguanas
  6 hell rats
  A boggart skeleton (Crypt:3)
  A deep dwarf skeleton (Crypt:2)
  13 mummies
  10 gnolls
  3 adders (D:5)
  A shadow imp (D:5)
  11 white imps
  5 ufetubi
  3 worms
  68 orcs
  3 bats
  10 endoplasms
  A giant cockroach (D:4)
  2 goblins (D:4)
  5 hobgoblins
  29 kobolds
  6 quokkas
  2 ball pythons
  2 frilled lizards
  A kobold skeleton (Crypt:1)
  9 rats
  3 ball lightnings (Pan)
  A lurking horror (Abyss:3)
  2 starspawn tentacles (Abyss:3)
3068 creatures vanquished.

Vanquished Creatures (collateral kills)
  A royal mummy (Crypt:1)
  A Killer Klown (Zot:3)
  Margery (Vaults:5)
  3 golden dragons
  A Brimstone Fiend (Depths:3)
  An iron giant (Dis:4)
  A Hell Sentinel (Pan)
  Rupert (Lair:5)
  An Ice Fiend (Pan)
  A lich (Vaults:4)
  A titan (Vaults:5)
  2 sphinxes (Depths:1)
  2 acid blobs
  An ancient champion (Dis:1)
  An Executioner (Pan)
  A tengu reaver (Depths:2)
  A storm dragon (Zot:4)
  A revenant (Crypt:3)
  7 azure jellies (Slime:5)
  3 balrugs
  An iron dragon (Depths:4)
  10 rockslimes
  2 ghouls
  A demonspawn blood saint (Pan)
  A stone giant (Depths:4)
  5 quicksilver oozes (Slime:5)
  4 reapers
  3 formless jellyfish (Slime:5)
  5 very ugly things
  2 war gargoyles
  3 vampire knights
  2 black draconians
  2 demonspawn black suns (Pan)
  2 red draconians
  A white draconian (Zot:4)
  A purple draconian (Depths:4)
  2 iron golems
  A blizzard demon (Depths:3)
  A deep elf death mage (Crypt:3)
  An eidolon (Crypt:2)
  3 fire dragons
  2 great orbs of eyes (Slime:5)
  A hell beast (Pan)
  A hydra (Depths:1)
  A death knight (Crypt:2)
  A deep troll shaman (Depths:1)
  2 hell hogs (Hell)
  A quicksilver ooze zombie (Crypt:2)
  2 demonic crawlers
  A spriggan berserker (Depths:3)
  2 sun demons
  2 soul eaters
  2 spriggans (Depths:2)
  A wretched star (Abyss:3)
  A sixfirhy (Pan)
  A crystal echidna (Dis:2)
  A salamander mystic (Depths:4)
  3 iron trolls
  7 skeletal warriors
  A bunyip zombie (Crypt:1)
  A flayed ghost (Crypt:2)
  4 deep trolls
  A phantasmal warrior (Hell)
  An orc knight (Vaults:4)
  An anaconda skeleton (Crypt:2)
  A lindwurm (Vaults:2)
  A starcursed mass (Abyss:3)
  A goliath frog skeleton (Crypt:1)
  4 ugly things (Depths:3)
  A moth of wrath (Zot:2)
  A manticore (Depths:1)
  4 smoke demons
  2 eyes of devastation (Slime:5)
  A vault sentinel (Vaults:4)
  A yaktaur (Vaults:5)
  A swamp worm zombie (Crypt:3)
  A rime drake (Depths:1)
  3 tormentors (Pan)
  3 guardian mummies (Crypt:3)
  A hornet (Depths:2)
  24 slime creatures
  2 ynoxinuls (Pan)
  3 ushabtiu (Crypt:3)
  2 neqoxecs (Pan)
  A harpy simulacrum (Abyss:3)
  A large abomination (Pan)
  A faun skeleton (Crypt:3)
  A hell hound (Abyss:3)
  A lindwurm skeleton (Crypt:2)
  A bullfrog (Lair:2)
  A necrophage (Crypt:2)
  A komodo dragon skeleton (Crypt:1)
  A small abomination (Abyss:3)
  A human zombie (Crypt:1)
  A hell rat (Depths:1)
  A mummy (Crypt:1)
  5 white imps
  A goblin zombie (Crypt:1)
  A jackal zombie (Crypt:3)
202 creatures vanquished.

Vanquished Creatures (others)
  A lindwurm (Vaults:2)
  A polar bear (IceCv)
  A ynoxinul (Pan)
  A fire bat (Pan)
  A quokka (Depths:2)
5 creatures vanquished.

Grand Total: 3275 creatures vanquished

Table legend: (Time is in decaauts)
 A = Elapsed time spent in this place.
 B = Non-inter-level travel time spent in this place.
 C = Inter-level travel time spent in this place.
 D = Time resting spent in this place.
 E = Time spent auto-exploring this place.
 F = Levels seen in this place.
 G = Mean time per level.
                   A        B        C        D        E       F      G
               +--------+--------+--------+--------+--------+-----+--------+
         Total |  91080 |  83955 |   7125 |  10425 |  55561 |  76 | 1198.4 |
       Dungeon |  21651 |  19061 |   2590 |   1176 |  14551 |  15 | 1443.4 |
        Temple |      8 |      5 |      3 |      0 |      0 |   1 |    8.0 |
          Lair |   6028 |   5511 |    517 |    332 |   3933 |   5 | 1205.6 |
        Shoals |   3558 |   3452 |    106 |    124 |   2819 |   4 |  889.5 |
     Snake Pit |   5344 |   5164 |    180 |    451 |   3813 |   4 | 1336.0 |
    Slime Pits |   3738 |   3554 |    184 |    806 |   2245 |   5 |  747.6 |
  Orcish Mines |   1850 |   1589 |    261 |    120 |   1110 |   2 |  925.0 |
   Elven Halls |   4454 |   4149 |    305 |    363 |   3210 |   3 | 1484.7 |
        Vaults |   8489 |   7106 |   1383 |    305 |   5527 |   5 | 1697.8 |
         Crypt |   4573 |   4346 |    227 |    580 |   3055 |   3 | 1524.3 |
        Depths |   8072 |   7067 |   1005 |   1758 |   4120 |   4 | 2018.0 |
          Hell |    918 |    875 |     43 |    315 |    450 |   1 |  918.0 |
           Dis |   1458 |   1458 |      0 |    990 |      0 |   4 |  364.5 |
           Zot |   5799 |   5483 |    316 |    662 |   4169 |   4 | 1449.8 |
         Abyss |    751 |    751 |      0 |      7 |     53 |   3 |  250.3 |
   Pandemonium |  12837 |  12837 |      0 |   2104 |   6007 |  10 | 1283.7 |
         Trove |     47 |     47 |      0 |      0 |      0 |   1 |   47.0 |
      Ice Cave |    807 |    807 |      0 |    148 |    341 |   1 |  807.0 |
        Wizlab |    687 |    687 |      0 |    184 |    155 |   1 |  687.0 |
               +--------+--------+--------+--------+--------+-----+--------+

Top non-repeatable levels by time:
Depths:4: 2473 daAuts
Depths:2: 2382 daAuts
     D:3: 2297 daAuts
  Lair:5: 2249 daAuts
Vaults:2: 2143 daAuts
     D:9: 2134 daAuts
    D:10: 2107 daAuts
Vaults:1: 1935 daAuts
     D:6: 1905 daAuts
Depths:3: 1890 daAuts
   Zot:2: 1878 daAuts
   Elf:2: 1769 daAuts
 Crypt:3: 1745 daAuts
 Snake:1: 1728 daAuts
Vaults:5: 1692 daAuts

Table legend:
 A = Non-vault XP
 B = Vault XP
 C = Vault XP percentage of total XP
 D = Non-vault monster count
 E = Vault monster count
 F = Vault count percentage of total count
                 A         B        C        D         E       F
            +---------+---------+-------+---------+---------+-------
      Total | 1231900 |  869643 |  41.4 |    2113 |    1109 |  34.4
            +---------+---------+-------+---------+---------+-------
        D:1 |      25 |       0 |   0.0 |      16 |       0 |   0.0
        D:2 |      15 |       0 |   0.0 |       8 |       0 |   0.0
        D:3 |     228 |     483 |  67.9 |      23 |       3 |  11.5
        D:4 |     356 |     484 |  57.6 |      22 |       3 |  12.0
        D:5 |    1714 |      76 |   4.2 |      15 |       2 |  11.8
        D:6 |     934 |      51 |   5.2 |      25 |       2 |   7.4
        D:7 |     952 |    2345 |  71.1 |      27 |       7 |  20.6
        D:8 |     692 |     582 |  45.7 |      12 |       7 |  36.8
        D:9 |    4247 |     909 |  17.6 |      29 |       8 |  21.6
       D:10 |    2514 |    7190 |  74.1 |      11 |      16 |  59.3
       D:11 |    3369 |       0 |   0.0 |      21 |       0 |   0.0
       D:12 |    5738 |    3444 |  37.5 |      22 |       4 |  15.4
       D:13 |    4154 |    7939 |  65.6 |      10 |      25 |  71.4
       D:14 |   10876 |    7963 |  42.3 |      21 |      15 |  41.7
       D:15 |    9294 |    4264 |  31.5 |      22 |       9 |  29.0
     Lair:1 |    7000 |       0 |   0.0 |      37 |       0 |   0.0
     Lair:2 |    9085 |     752 |   7.6 |      26 |      16 |  38.1
     Lair:3 |    3605 |       0 |   0.0 |      13 |       0 |   0.0
     Lair:4 |    8202 |       0 |   0.0 |      27 |       0 |   0.0
     Lair:5 |   18264 |   14186 |  43.7 |      67 |      42 |  38.5
   Shoals:1 |    4455 |       0 |   0.0 |       7 |       0 |   0.0
   Shoals:2 |   14788 |       0 |   0.0 |      29 |       0 |   0.0
   Shoals:3 |    6198 |       0 |   0.0 |      13 |       0 |   0.0
   Shoals:4 |   12350 |   26375 |  68.1 |      29 |      52 |  64.2
    Snake:1 |   10114 |   13780 |  57.7 |      27 |      24 |  47.1
    Snake:2 |   19551 |    2785 |  12.5 |      44 |       3 |   6.4
    Snake:3 |    7890 |    1393 |  15.0 |      14 |       1 |   6.7
    Snake:4 |   27572 |   26293 |  48.8 |      51 |      36 |  41.4
    Slime:1 |    7965 |    2319 |  22.5 |      13 |       5 |  27.8
    Slime:2 |    9266 |       0 |   0.0 |       7 |       0 |   0.0
    Slime:3 |   15281 |       0 |   0.0 |      21 |       0 |   0.0
    Slime:4 |   13460 |       0 |   0.0 |      37 |       0 |   0.0
    Slime:5 |   18334 |   22657 |  55.3 |      23 |      17 |  42.5
      Orc:1 |    4636 |     925 |  16.6 |      37 |       1 |   2.6
      Orc:2 |    5054 |   19647 |  79.5 |      49 |      40 |  44.9
      Elf:1 |   14755 |   15160 |  50.7 |      28 |      22 |  44.0
      Elf:2 |   17260 |   24284 |  58.5 |      28 |      31 |  52.5
      Elf:3 |    8696 |   40731 |  82.4 |      15 |      37 |  71.2
   Vaults:1 |   11562 |    7274 |  38.6 |      23 |       7 |  23.3
   Vaults:2 |   21919 |   21782 |  49.8 |      40 |      25 |  38.5
   Vaults:3 |   25544 |   17230 |  40.3 |      48 |      20 |  29.4
   Vaults:4 |   17544 |   19479 |  52.6 |      25 |      23 |  47.9
   Vaults:5 |   23394 |  119331 |  83.6 |      35 |      97 |  73.5
    Crypt:1 |   26553 |   14219 |  34.9 |      50 |      11 |  18.0
    Crypt:2 |   27745 |   12226 |  30.6 |      39 |      13 |  25.0
    Crypt:3 |   27132 |   36372 |  57.3 |      36 |      58 |  61.7
   Depths:1 |   21030 |   19586 |  48.2 |      25 |      25 |  50.0
   Depths:2 |   35178 |    9460 |  21.2 |      46 |      12 |  20.7
   Depths:3 |   33137 |   12521 |  27.4 |      39 |      14 |  26.4
   Depths:4 |   41618 |   32843 |  44.1 |      35 |      33 |  48.5
       Hell |   24129 |   25229 |  51.1 |      30 |      32 |  51.6
      Dis:1 |   39524 |       0 |   0.0 |      23 |       0 |   0.0
      Dis:2 |   10882 |       0 |   0.0 |      12 |       0 |   0.0
      Dis:3 |   24448 |   13709 |  35.9 |      18 |      11 |  37.9
      Dis:4 |    8117 |       0 |   0.0 |       6 |       0 |   0.0
      Zot:1 |   36472 |       0 |   0.0 |      30 |       0 |   0.0
      Zot:2 |   51253 |   16048 |  23.8 |      43 |      10 |  18.9
      Zot:3 |   42797 |   14071 |  24.7 |      37 |       8 |  17.8
      Zot:4 |   39791 |       0 |   0.0 |      33 |       0 |   0.0
    Abyss:2 |      96 |       0 |   0.0 |       1 |       0 |   0.0
    Abyss:3 |   53919 |       0 |   0.0 |      95 |       0 |   0.0
        Pan |  279227 |  197612 |  41.4 |     418 |     212 |  33.7
      IceCv |       0 |   13378 | 100.0 |       0 |      36 | 100.0
     WizLab |       0 |   20256 | 100.0 |       0 |      34 | 100.0
            +---------+---------+-------+---------+---------+-------
